Workbook

Sheet Investor
A1: Northwall 2026-1 — the investor's return
A2: Enter a loss multiple and a margin. The internal rate of return falls out, with the investor's floor and both break-even multiples.
A4: Inputs
A5: Portfolio exposure | B5: 4000000000
A6: Detachment point | B6: 0.07
A7: Share sold to the investor | B7: 0.95
A8: Best-estimate loss rate, per year | B8: 0.0018223875
A9: Loss multiple (1 = best estimate) | B9: 1
A10: Margin | B10: 0.105
A11: Reference rate | B11: 0.025
A12: Replenishment period, years | B12: 2
A13: Portfolio amortisation, per year | B13: 0.08
A14: Fund leverage (debt / equity) | B14: 1.5
A15: Cost of leverage | B15: 0.0625
A16: Holding period, years (1 to 8; the book: 5) | B16: 5
... A18: Fund's unlevered hurdle | B18: 0.075
A20: Cash flows
A21: Year | B21: Reference pool | C21: Opening balance | D21: Coupon | E21: Lost to write-down | F21: Principal repaid | G21: Closing balance | H21: Cash flow
A22: 0 | B22: =$B$5 -> 4000000000 | H22: =-C23 -> -266000000
A23: 1 | B23: =IF(A23>$B$16,0,IF(A23<=$B$12,$B$5,$B$5*(1-$B$13)^(A23-$B$12))) -> 4000000000 | C23: =IF(A23>$B$16,0,$B$6*$B$5*$B$7) -> 266000000 | D23: =($B$11+$B$10)*C23 -> 34580000 | E23: =IF(A23>$B$16,0,MIN(C23,$B$8*$B$9*B23*$B$7)) -> 6925072.5 | F23: =IF(A23>$B$16,0,IF(A23=$B$16,C23-E23,IF($B$17=1,(C23-E23)*(1-B23/B22),0))) -> 0 | G23: =C23-E23-F23 -> 2.5907493e+08 | H23: =D23+F23 -> 34580000
A24: 2 | B24: =IF(A24>$B$16,0,IF(A24<=$B$12,$B$5,$B$5*(1-$B$13)^(A24-$B$12))) -> 4000000000 | C24: =IF(A24>$B$16,0,G23) -> 2.5907493e+08 | D24: =($B$11+$B$10)*C24 -> 33679741 | E24: =IF(A24>$B$16,0,MIN(C24,$B$8*$B$9*B24*$B$7)) -> 6925072.5 | F24: =IF(A24>$B$16,0,IF(A24=$B$16,C24-E24,IF($B$17=1,(C24-E24)*(1-B24/B23),0))) -> 0 | G24: =C24-E24-F24 -> 252149855 | H24: =D24+F24 -> 33679741
A25: 3 | B25: =IF(A25>$B$16,0,IF(A25<=$B$12,$B$5,$B$5*(1-$B$13)^(A25-$B$12))) -> 3680000000 | C25: =IF(A25>$B$16,0,G24) -> 252149855 | D25: =($B$11+$B$10)*C25 -> 32779481 | E25: =IF(A25>$B$16,0,MIN(C25,$B$8*$B$9*B25*$B$7)) -> 6371066.7 | F25: =IF(A25>$B$16,0,IF(A25=$B$16,C25-E25,IF($B$17=1,(C25-E25)*(1-B25/B24),0))) -> 19662303 | G25: =C25-E25-F25 -> 2.2611649e+08 | H25: =D25+F25 -> 52441784
A26: 4 | B26: =IF(A26>$B$16,0,IF(A26<=$B$12,$B$5,$B$5*(1-$B$13)^(A26-$B$12))) -> 3385600000 | C26: =IF(A26>$B$16,0,G25) -> 2.2611649e+08 | D26: =($B$11+$B$10)*C26 -> 29395143 | E26: =IF(A26>$B$16,0,MIN(C26,$B$8*$B$9*B26*$B$7)) -> 5861381.4 | F26: =IF(A26>$B$16,0,IF(A26=$B$16,C26-E26,IF($B$17=1,(C26-E26)*(1-B26/B25),0))) -> 17620408 | G26: =C26-E26-F26 -> 2.026347e+08 | H26: =D26+F26 -> 47015551
A27: 5 | B27: =IF(A27>$B$16,0,IF(A27<=$B$12,$B$5,$B$5*(1-$B$13)^(A27-$B$12))) -> 3114752000 | C27: =IF(A27>$B$16,0,G26) -> 2.026347e+08 | D27: =($B$11+$B$10)*C27 -> 26342510 | E27: =IF(A27>$B$16,0,MIN(C27,$B$8*$B$9*B27*$B$7)) -> 5392470.9 | F27: =IF(A27>$B$16,0,IF(A27=$B$16,C27-E27,IF($B$17=1,(C27-E27)*(1-B27/B26),0))) -> 1.9724222e+08 | G27: =C27-E27-F27 -> 0 | H27: =D27+F27 -> 2.2358474e+08
A28: 6 | B28: =IF(A28>$B$16,0,IF(A28<=$B$12,$B$5,$B$5*(1-$B$13)^(A28-$B$12))) -> 0 | C28: =IF(A28>$B$16,0,G27) -> 0 | D28: =($B$11+$B$10)*C28 -> 0 | E28: =IF(A28>$B$16,0,MIN(C28,$B$8*$B$9*B28*$B$7)) -> 0 | F28: =IF(A28>$B$16,0,IF(A28=$B$16,C28-E28,IF($B$17=1,(C28-E28)*(1-B28/B27),0))) -> 0 | G28: =C28-E28-F28 -> 0 | H28: =D28+F28 -> 0
A29: 7 | B29: =IF(A29>$B$16,0,IF(A29<=$B$12,$B$5,$B$5*(1-$B$13)^(A29-$B$12))) -> 0 | C29: =IF(A29>$B$16,0,G28) -> 0 | D29: =($B$11+$B$10)*C29 -> 0 | E29: =IF(A29>$B$16,0,MIN(C29,$B$8*$B$9*B29*$B$7)) -> 0 | F29: =IF(A29>$B$16,0,IF(A29=$B$16,C29-E29,IF($B$17=1,(C29-E29)*(1-B29/B28),0))) -> 0 | G29: =C29-E29-F29 -> 0 | H29: =D29+F29 -> 0
A30: 8 | B30: =IF(A30>$B$16,0,IF(A30<=$B$12,$B$5,$B$5*(1-$B$13)^(A30-$B$12))) -> 0 | C30: =IF(A30>$B$16,0,G29) -> 0 | D30: =($B$11+$B$10)*C30 -> 0 | E30: =IF(A30>$B$16,0,MIN(C30,$B$8*$B$9*B30*$B$7)) -> 0 | F30: =IF(A30>$B$16,0,IF(A30=$B$16,C30-E30,IF($B$17=1,(C30-E30)*(1-B30/B29),0))) -> 0 | G30: =C30-E30-F30 -> 0 | H30: =D30+F30 -> 0
A31: Total | D31: =SUM(D23:D30) -> 1.5677688e+08 | E31: =SUM(E23:E30) -> 31475064 | F31: =SUM(F23:F30) -> 2.3452494e+08 | G31: IRR | H31: =IRR(H22:H30,IF(SUM(H22:H30)>=0,0.1,-0.3)) -> 0.1039021
A33: Return
A34: Notional invested | B34: =C23 -> 266000000
A35: Control: principal repaid plus losses | B35: =F31+E31 -> 266000000
A36: Internal rate of return | B36: =H31 -> 0.1039021
A37: Return with leverage, floored at -100 percent | B37: =MAX(-1,B36+$B$14*(B36-$B$15)) -> 0.16600526
A38: The same formula without the floor | B38: =B36+$B$14*(B36-$B$15) -> 0.16600526
A39: Coupons less losses, nominal | B39: =D31-E31 -> 1.2530181e+08
A40: Share of the tranche consumed | B40: =E31/B34 -> 0.11832731
A41: Leverage to the pool's loss rate, on the tranche | B41: =1/$B$6 -> 14.285714
A42: and on the part the fund bought | B42: =1/($B$6*$B$7) -> 15.037594
A44: The investor's floor (Chapters 16 and 18)
A45: Balances, discounted at the hurdle | B45: =SUMPRODUCT(C23:C30,1/(1+$B$18)^A23:A30) -> 9.8506163e+08
A46: Principal repaid, discounted at the hurdle | B46: =SUMPRODUCT(F23:F30,1/(1+$B$18)^A23:A30) -> 1.6641232e+08
A47: Margin at which the return equals the hurdle | B47: =(B34-B46)/B45-$B$11 -> 0.076097914
A48: The balances and the repayments do not depend on the margin, so the value at the hurdle is a straight line in the margin: row 47 is exact, no goal seek.
A50: The loss charged twice (Chapter 16, and Chapter 29 item 7b)
A51: Year | B51: Wrong cash flow
A52: 0 | B52: =H22 -> -266000000
A53: 1 | B53: =D23-E23+F23 -> 27654928
A54: 2 | B54: =D24-E24+F24 -> 26754668
A55: 3 | B55: =D25-E25+F25 -> 46070718
A56: 4 | B56: =D26-E26+F26 -> 41154170
A57: 5 | B57: =D27-E27+F27 -> 2.1819226e+08
A58: 6 | B58: =D28-E28+F28 -> 0
A59: 7 | B59: =D29-E29+F29 -> 0
A60: 8 | B60: =D30-E30+F30 -> 0
A61: Return with the loss subtracted and only the surviving principal returned | B61: =IRR(B52:B60,IF(SUM(B52:B60)>=0,0.1,-0.3)) -> 0.077804196
A62: How far it understates the return | B62: =B36-B61 -> 0.026097909
A63: The book says "roughly +2.50 percentage points" in Chapters 16 and 29 and in its Conclusion. On the book's own cash flows the understatement is 2.61 points.

Sheet Break-even
A1: By what multiple can defaults run before the fund stops making money?
A2: Chapter 22 and Problem 11. Coupons less losses is a straight line in the loss multiple (until a tranche is exhausted), so two schedules give the answer exactly.
A4: Losses at zero
A5: Year | B5: Reference pool | C5: Opening balance | D5: Coupon | E5: Lost to write-down | F5: Principal repaid | G5: Closing balance | H5: Cash flow
A6: 0 | B6: =Investor!$B$5 -> 4000000000 | H6: =-C7 -> -266000000
A7: 1 | B7: =IF(A7>Investor!$B$16,0,IF(A7<=Investor!$B$12,Investor!$B$5,Investor!$B$5*(1-Investor!$B$13)^(A7-Investor!$B$12))) -> 4000000000 | C7: =IF(A7>Investor!$B$16,0,Investor!$B$6*Investor!$B$5*Investor!$B$7) -> 266000000 | D7: =(Investor!$B$11+Investor!$B$10)*C7 -> 34580000 | E7: =IF(A7>Investor!$B$16,0,MIN(C7,0*B7*Investor!$B$7)) -> 0 | F7: =IF(A7>Investor!$B$16,0,IF(A7=Investor!$B$16,C7-E7,IF(Investor!$B$17=1,(C7-E7)*(1-B7/B6),0))) -> 0 | G7: =C7-E7-F7 -> 266000000 | H7: =D7+F7 -> 34580000
A8: 2 | B8: =IF(A8>Investor!$B$16,0,IF(A8<=Investor!$B$12,Investor!$B$5,Investor!$B$5*(1-Investor!$B$13)^(A8-Investor!$B$12))) -> 4000000000 | C8: =IF(A8>Investor!$B$16,0,G7) -> 266000000 | D8: =(Investor!$B$11+Investor!$B$10)*C8 -> 34580000 | E8: =IF(A8>Investor!$B$16,0,MIN(C8,0*B8*Investor!$B$7)) -> 0 | F8: =IF(A8>Investor!$B$16,0,IF(A8=Investor!$B$16,C8-E8,IF(Investor!$B$17=1,(C8-E8)*(1-B8/B7),0))) -> 0 | G8: =C8-E8-F8 -> 266000000 | H8: =D8+F8 -> 34580000
A9: 3 | B9: =IF(A9>Investor!$B$16,0,IF(A9<=Investor!$B$12,Investor!$B$5,Investor!$B$5*(1-Investor!$B$13)^(A9-Investor!$B$12))) -> 3680000000 | C9: =IF(A9>Investor!$B$16,0,G8) -> 266000000 | D9: =(Investor!$B$11+Investor!$B$10)*C9 -> 34580000 | E9: =IF(A9>Investor!$B$16,0,MIN(C9,0*B9*Investor!$B$7)) -> 0 | F9: =IF(A9>Investor!$B$16,0,IF(A9=Investor!$B$16,C9-E9,IF(Investor!$B$17=1,(C9-E9)*(1-B9/B8),0))) -> 21280000 | G9: =C9-E9-F9 -> 244720000 | H9: =D9+F9 -> 55860000
A10: 4 | B10: =IF(A10>Investor!$B$16,0,IF(A10<=Investor!$B$12,Investor!$B$5,Investor!$B$5*(1-Investor!$B$13)^(A10-Investor!$B$12))) -> 3385600000 | C10: =IF(A10>Investor!$B$16,0,G9) -> 244720000 | D10: =(Investor!$B$11+Investor!$B$10)*C10 -> 31813600 | E10: =IF(A10>Investor!$B$16,0,MIN(C10,0*B10*Investor!$B$7)) -> 0 | F10: =IF(A10>Investor!$B$16,0,IF(A10=Investor!$B$16,C10-E10,IF(Investor!$B$17=1,(C10-E10)*(1-B10/B9),0))) -> 19577600 | G10: =C10-E10-F10 -> 225142400 | H10: =D10+F10 -> 51391200
A11: 5 | B11: =IF(A11>Investor!$B$16,0,IF(A11<=Investor!$B$12,Investor!$B$5,Investor!$B$5*(1-Investor!$B$13)^(A11-Investor!$B$12))) -> 3114752000 | C11: =IF(A11>Investor!$B$16,0,G10) -> 225142400 | D11: =(Investor!$B$11+Investor!$B$10)*C11 -> 29268512 | E11: =IF(A11>Investor!$B$16,0,MIN(C11,0*B11*Investor!$B$7)) -> 0 | F11: =IF(A11>Investor!$B$16,0,IF(A11=Investor!$B$16,C11-E11,IF(Investor!$B$17=1,(C11-E11)*(1-B11/B10),0))) -> 225142400 | G11: =C11-E11-F11 -> 0 | H11: =D11+F11 -> 254410912
A12: 6 | B12: =IF(A12>Investor!$B$16,0,IF(A12<=Investor!$B$12,Investor!$B$5,Investor!$B$5*(1-Investor!$B$13)^(A12-Investor!$B$12))) -> 0 | C12: =IF(A12>Investor!$B$16,0,G11) -> 0 | D12: =(Investor!$B$11+Investor!$B$10)*C12 -> 0 | E12: =IF(A12>Investor!$B$16,0,MIN(C12,0*B12*Investor!$B$7)) -> 0 | F12: =IF(A12>Investor!$B$16,0,IF(A12=Investor!$B$16,C12-E12,IF(Investor!$B$17=1,(C12-E12)*(1-B12/B11),0))) -> 0 | G12: =C12-E12-F12 -> 0 | H12: =D12+F12 -> 0
A13: 7 | B13: =IF(A13>Investor!$B$16,0,IF(A13<=Investor!$B$12,Investor!$B$5,Investor!$B$5*(1-Investor!$B$13)^(A13-Investor!$B$12))) -> 0 | C13: =IF(A13>Investor!$B$16,0,G12) -> 0 | D13: =(Investor!$B$11+Investor!$B$10)*C13 -> 0 | E13: =IF(A13>Investor!$B$16,0,MIN(C13,0*B13*Investor!$B$7)) -> 0 | F13: =IF(A13>Investor!$B$16,0,IF(A13=Investor!$B$16,C13-E13,IF(Investor!$B$17=1,(C13-E13)*(1-B13/B12),0))) -> 0 | G13: =C13-E13-F13 -> 0 | H13: =D13+F13 -> 0
A14: 8 | B14: =IF(A14>Investor!$B$16,0,IF(A14<=Investor!$B$12,Investor!$B$5,Investor!$B$5*(1-Investor!$B$13)^(A14-Investor!$B$12))) -> 0 | C14: =IF(A14>Investor!$B$16,0,G13) -> 0 | D14: =(Investor!$B$11+Investor!$B$10)*C14 -> 0 | E14: =IF(A14>Investor!$B$16,0,MIN(C14,0*B14*Investor!$B$7)) -> 0 | F14: =IF(A14>Investor!$B$16,0,IF(A14=Investor!$B$16,C14-E14,IF(Investor!$B$17=1,(C14-E14)*(1-B14/B13),0))) -> 0 | G14: =C14-E14-F14 -> 0 | H14: =D14+F14 -> 0
A15: Total | D15: =SUM(D7:D14) -> 164822112 | E15: =SUM(E7:E14) -> 0 | F15: =SUM(F7:F14) -> 266000000 | G15: IRR | H15: =IRR(H6:H14,IF(SUM(H6:H14)>=0,0.1,-0.3)) -> 0.13
A18: Losses at the best estimate
A19: Year | B19: Reference pool | C19: Opening balance | D19: Coupon | E19: Lost to write-down | F19: Principal repaid | G19: Closing balance | H19: Cash flow
A20: 0 | B20: =Investor!$B$5 -> 4000000000 | H20: =-C21 -> -266000000
A21: 1 | B21: =IF(A21>Investor!$B$16,0,IF(A21<=Investor!$B$12,Investor!$B$5,Investor!$B$5*(1-Investor!$B$13)^(A21-Investor!$B$12))) -> 4000000000 | C21: =IF(A21>Investor!$B$16,0,Investor!$B$6*Investor!$B$5*Investor!$B$7) -> 266000000 | D21: =(Investor!$B$11+Investor!$B$10)*C21 -> 34580000 | E21: =IF(A21>Investor!$B$16,0,MIN(C21,Investor!$B$8*B21*Investor!$B$7)) -> 6925072.5 | F21: =IF(A21>Investor!$B$16,0,IF(A21=Investor!$B$16,C21-E21,IF(Investor!$B$17=1,(C21-E21)*(1-B21/B20),0))) -> 0 | G21: =C21-E21-F21 -> 2.5907493e+08 | H21: =D21+F21 -> 34580000
A22: 2 | B22: =IF(A22>Investor!$B$16,0,IF(A22<=Investor!$B$12,Investor!$B$5,Investor!$B$5*(1-Investor!$B$13)^(A22-Investor!$B$12))) -> 4000000000 | C22: =IF(A22>Investor!$B$16,0,G21) -> 2.5907493e+08 | D22: =(Investor!$B$11+Investor!$B$10)*C22 -> 33679741 | E22: =IF(A22>Investor!$B$16,0,MIN(C22,Investor!$B$8*B22*Investor!$B$7)) -> 6925072.5 | F22: =IF(A22>Investor!$B$16,0,IF(A22=Investor!$B$16,C22-E22,IF(Investor!$B$17=1,(C22-E22)*(1-B22/B21),0))) -> 0 | G22: =C22-E22-F22 -> 252149855 | H22: =D22+F22 -> 33679741
A23: 3 | B23: =IF(A23>Investor!$B$16,0,IF(A23<=Investor!$B$12,Investor!$B$5,Investor!$B$5*(1-Investor!$B$13)^(A23-Investor!$B$12))) -> 3680000000 | C23: =IF(A23>Investor!$B$16,0,G22) -> 252149855 | D23: =(Investor!$B$11+Investor!$B$10)*C23 -> 32779481 | E23: =IF(A23>Investor!$B$16,0,MIN(C23,Investor!$B$8*B23*Investor!$B$7)) -> 6371066.7 | F23: =IF(A23>Investor!$B$16,0,IF(A23=Investor!$B$16,C23-E23,IF(Investor!$B$17=1,(C23-E23)*(1-B23/B22),0))) -> 19662303 | G23: =C23-E23-F23 -> 2.2611649e+08 | H23: =D23+F23 -> 52441784
A24: 4 | B24: =IF(A24>Investor!$B$16,0,IF(A24<=Investor!$B$12,Investor!$B$5,Investor!$B$5*(1-Investor!$B$13)^(A24-Investor!$B$12))) -> 3385600000 | C24: =IF(A24>Investor!$B$16,0,G23) -> 2.2611649e+08 | D24: =(Investor!$B$11+Investor!$B$10)*C24 -> 29395143 | E24: =IF(A24>Investor!$B$16,0,MIN(C24,Investor!$B$8*B24*Investor!$B$7)) -> 5861381.4 | F24: =IF(A24>Investor!$B$16,0,IF(A24=Investor!$B$16,C24-E24,IF(Investor!$B$17=1,(C24-E24)*(1-B24/B23),0))) -> 17620408 | G24: =C24-E24-F24 -> 2.026347e+08 | H24: =D24+F24 -> 47015551
A25: 5 | B25: =IF(A25>Investor!$B$16,0,IF(A25<=Investor!$B$12,Investor!$B$5,Investor!$B$5*(1-Investor!$B$13)^(A25-Investor!$B$12))) -> 3114752000 | C25: =IF(A25>Investor!$B$16,0,G24) -> 2.026347e+08 | D25: =(Investor!$B$11+Investor!$B$10)*C25 -> 26342510 | E25: =IF(A25>Investor!$B$16,0,MIN(C25,Investor!$B$8*B25*Investor!$B$7)) -> 5392470.9 | F25: =IF(A25>Investor!$B$16,0,IF(A25=Investor!$B$16,C25-E25,IF(Investor!$B$17=1,(C25-E25)*(1-B25/B24),0))) -> 1.9724222e+08 | G25: =C25-E25-F25 -> 0 | H25: =D25+F25 -> 2.2358474e+08
A26: 6 | B26: =IF(A26>Investor!$B$16,0,IF(A26<=Investor!$B$12,Investor!$B$5,Investor!$B$5*(1-Investor!$B$13)^(A26-Investor!$B$12))) -> 0 | C26: =IF(A26>Investor!$B$16,0,G25) -> 0 | D26: =(Investor!$B$11+Investor!$B$10)*C26 -> 0 | E26: =IF(A26>Investor!$B$16,0,MIN(C26,Investor!$B$8*B26*Investor!$B$7)) -> 0 | F26: =IF(A26>Investor!$B$16,0,IF(A26=Investor!$B$16,C26-E26,IF(Investor!$B$17=1,(C26-E26)*(1-B26/B25),0))) -> 0 | G26: =C26-E26-F26 -> 0 | H26: =D26+F26 -> 0
A27: 7 | B27: =IF(A27>Investor!$B$16,0,IF(A27<=Investor!$B$12,Investor!$B$5,Investor!$B$5*(1-Investor!$B$13)^(A27-Investor!$B$12))) -> 0 | C27: =IF(A27>Investor!$B$16,0,G26) -> 0 | D27: =(Investor!$B$11+Investor!$B$10)*C27 -> 0 | E27: =IF(A27>Investor!$B$16,0,MIN(C27,Investor!$B$8*B27*Investor!$B$7)) -> 0 | F27: =IF(A27>Investor!$B$16,0,IF(A27=Investor!$B$16,C27-E27,IF(Investor!$B$17=1,(C27-E27)*(1-B27/B26),0))) -> 0 | G27: =C27-E27-F27 -> 0 | H27: =D27+F27 -> 0
A28: 8 | B28: =IF(A28>Investor!$B$16,0,IF(A28<=Investor!$B$12,Investor!$B$5,Investor!$B$5*(1-Investor!$B$13)^(A28-Investor!$B$12))) -> 0 | C28: =IF(A28>Investor!$B$16,0,G27) -> 0 | D28: =(Investor!$B$11+Investor!$B$10)*C28 -> 0 | E28: =IF(A28>Investor!$B$16,0,MIN(C28,Investor!$B$8*B28*Investor!$B$7)) -> 0 | F28: =IF(A28>Investor!$B$16,0,IF(A28=Investor!$B$16,C28-E28,IF(Investor!$B$17=1,(C28-E28)*(1-B28/B27),0))) -> 0 | G28: =C28-E28-F28 -> 0 | H28: =D28+F28 -> 0
A29: Total | D29: =SUM(D21:D28) -> 1.5677688e+08 | E29: =SUM(E21:E28) -> 31475064 | F29: =SUM(F21:F28) -> 2.3452494e+08 | G29: IRR | H29: =IRR(H20:H28,IF(SUM(H20:H28)>=0,0.1,-0.3)) -> 0.1039021
A32: The two break-evens
A33: Coupons with no losses | B33: =D15 -> 164822112
A34: Coupons less losses at the best estimate | B34: =D29-E29 -> 1.2530181e+08
A35: Multiple at which coupons and losses cancel (the whole coupon) | B35: =B33/(B33-B34) -> 4.1705683
A36: Margin earned with no losses | B36: =Investor!$B$10*SUM(C7:C14) -> 133125552
A37: Margin less losses at the best estimate | B37: =Investor!$B$10*SUM(C21:C28)-E29 -> 95152412
A38: Multiple at which the margin alone and losses cancel (beating cash) | B38: =B36/(B36-B37) -> 3.5057821
A40: Proof: the schedule at the first multiple
A41: Year | B41: Reference pool | C41: Opening balance | D41: Coupon | E41: Lost to write-down | F41: Principal repaid | G41: Closing balance | H41: Cash flow
A42: 0 | B42: =Investor!$B$5 -> 4000000000 | H42: =-C43 -> -266000000
A43: 1 | B43: =IF(A43>Investor!$B$16,0,IF(A43<=Investor!$B$12,Investor!$B$5,Investor!$B$5*(1-Investor!$B$13)^(A43-Investor!$B$12))) -> 4000000000 | C43: =IF(A43>Investor!$B$16,0,Investor!$B$6*Investor!$B$5*Investor!$B$7) -> 266000000 | D43: =(Investor!$B$11+Investor!$B$10)*C43 -> 34580000 | E43: =IF(A43>Investor!$B$16,0,MIN(C43,Investor!$B$8*$B$35*B43*Investor!$B$7)) -> 28881488 | F43: =IF(A43>Investor!$B$16,0,IF(A43=Investor!$B$16,C43-E43,IF(Investor!$B$17=1,(C43-E43)*(1-B43/B42),0))) -> 0 | G43: =C43-E43-F43 -> 2.3711851e+08 | H43: =D43+F43 -> 34580000
A44: 2 | B44: =IF(A44>Investor!$B$16,0,IF(A44<=Investor!$B$12,Investor!$B$5,Investor!$B$5*(1-Investor!$B$13)^(A44-Investor!$B$12))) -> 4000000000 | C44: =IF(A44>Investor!$B$16,0,G43) -> 2.3711851e+08 | D44: =(Investor!$B$11+Investor!$B$10)*C44 -> 30825407 | E44: =IF(A44>Investor!$B$16,0,MIN(C44,Investor!$B$8*$B$35*B44*Investor!$B$7)) -> 28881488 | F44: =IF(A44>Investor!$B$16,0,IF(A44=Investor!$B$16,C44-E44,IF(Investor!$B$17=1,(C44-E44)*(1-B44/B43),0))) -> 0 | G44: =C44-E44-F44 -> 2.0823702e+08 | H44: =D44+F44 -> 30825407
A45: 3 | B45: =IF(A45>Investor!$B$16,0,IF(A45<=Investor!$B$12,Investor!$B$5,Investor!$B$5*(1-Investor!$B$13)^(A45-Investor!$B$12))) -> 3680000000 | C45: =IF(A45>Investor!$B$16,0,G44) -> 2.0823702e+08 | D45: =(Investor!$B$11+Investor!$B$10)*C45 -> 27070813 | E45: =IF(A45>Investor!$B$16,0,MIN(C45,Investor!$B$8*$B$35*B45*Investor!$B$7)) -> 26570969 | F45: =IF(A45>Investor!$B$16,0,IF(A45=Investor!$B$16,C45-E45,IF(Investor!$B$17=1,(C45-E45)*(1-B45/B44),0))) -> 14533284 | G45: =C45-E45-F45 -> 1.6713277e+08 | H45: =D45+F45 -> 41604098
A46: 4 | B46: =IF(A46>Investor!$B$16,0,IF(A46<=Investor!$B$12,Investor!$B$5,Investor!$B$5*(1-Investor!$B$13)^(A46-Investor!$B$12))) -> 3385600000 | C46: =IF(A46>Investor!$B$16,0,G45) -> 1.6713277e+08 | D46: =(Investor!$B$11+Investor!$B$10)*C46 -> 21727260 | E46: =IF(A46>Investor!$B$16,0,MIN(C46,Investor!$B$8*$B$35*B46*Investor!$B$7)) -> 24445291 | F46: =IF(A46>Investor!$B$16,0,IF(A46=Investor!$B$16,C46-E46,IF(Investor!$B$17=1,(C46-E46)*(1-B46/B45),0))) -> 11414998 | G46: =C46-E46-F46 -> 1.3127248e+08 | H46: =D46+F46 -> 33142259
A47: 5 | B47: =IF(A47>Investor!$B$16,0,IF(A47<=Investor!$B$12,Investor!$B$5,Investor!$B$5*(1-Investor!$B$13)^(A47-Investor!$B$12))) -> 3114752000 | C47: =IF(A47>Investor!$B$16,0,G46) -> 1.3127248e+08 | D47: =(Investor!$B$11+Investor!$B$10)*C47 -> 17065423 | E47: =IF(A47>Investor!$B$16,0,MIN(C47,Investor!$B$8*$B$35*B47*Investor!$B$7)) -> 22489668 | F47: =IF(A47>Investor!$B$16,0,IF(A47=Investor!$B$16,C47-E47,IF(Investor!$B$17=1,(C47-E47)*(1-B47/B46),0))) -> 1.0878281e+08 | G47: =C47-E47-F47 -> 0 | H47: =D47+F47 -> 1.2584824e+08
A48: 6 | B48: =IF(A48>Investor!$B$16,0,IF(A48<=Investor!$B$12,Investor!$B$5,Investor!$B$5*(1-Investor!$B$13)^(A48-Investor!$B$12))) -> 0 | C48: =IF(A48>Investor!$B$16,0,G47) -> 0 | D48: =(Investor!$B$11+Investor!$B$10)*C48 -> 0 | E48: =IF(A48>Investor!$B$16,0,MIN(C48,Investor!$B$8*$B$35*B48*Investor!$B$7)) -> 0 | F48: =IF(A48>Investor!$B$16,0,IF(A48=Investor!$B$16,C48-E48,IF(Investor!$B$17=1,(C48-E48)*(1-B48/B47),0))) -> 0 | G48: =C48-E48-F48 -> 0 | H48: =D48+F48 -> 0
A49: 7 | B49: =IF(A49>Investor!$B$16,0,IF(A49<=Investor!$B$12,Investor!$B$5,Investor!$B$5*(1-Investor!$B$13)^(A49-Investor!$B$12))) -> 0 | C49: =IF(A49>Investor!$B$16,0,G48) -> 0 | D49: =(Investor!$B$11+Investor!$B$10)*C49 -> 0 | E49: =IF(A49>Investor!$B$16,0,MIN(C49,Investor!$B$8*$B$35*B49*Investor!$B$7)) -> 0 | F49: =IF(A49>Investor!$B$16,0,IF(A49=Investor!$B$16,C49-E49,IF(Investor!$B$17=1,(C49-E49)*(1-B49/B48),0))) -> 0 | G49: =C49-E49-F49 -> 0 | H49: =D49+F49 -> 0
A50: 8 | B50: =IF(A50>Investor!$B$16,0,IF(A50<=Investor!$B$12,Investor!$B$5,Investor!$B$5*(1-Investor!$B$13)^(A50-Investor!$B$12))) -> 0 | C50: =IF(A50>Investor!$B$16,0,G49) -> 0 | D50: =(Investor!$B$11+Investor!$B$10)*C50 -> 0 | E50: =IF(A50>Investor!$B$16,0,MIN(C50,Investor!$B$8*$B$35*B50*Investor!$B$7)) -> 0 | F50: =IF(A50>Investor!$B$16,0,IF(A50=Investor!$B$16,C50-E50,IF(Investor!$B$17=1,(C50-E50)*(1-B50/B49),0))) -> 0 | G50: =C50-E50-F50 -> 0 | H50: =D50+F50 -> 0
A51: Total | D51: =SUM(D43:D50) -> 1.312689e+08 | E51: =SUM(E43:E50) -> 1.312689e+08 | F51: =SUM(F43:F50) -> 1.347311e+08 | G51: IRR | H51: =IRR(H42:H50,IF(SUM(H42:H50)>=0,0.1,-0.3)) -> -3.8340566e-17
A54: Proof: the schedule at the second multiple
A55: Year | B55: Reference pool | C55: Opening balance | D55: Coupon | E55: Lost to write-down | F55: Principal repaid | G55: Closing balance | H55: Cash flow
A56: 0 | B56: =Investor!$B$5 -> 4000000000 | H56: =-C57 -> -266000000
A57: 1 | B57: =IF(A57>Investor!$B$16,0,IF(A57<=Investor!$B$12,Investor!$B$5,Investor!$B$5*(1-Investor!$B$13)^(A57-Investor!$B$12))) -> 4000000000 | C57: =IF(A57>Investor!$B$16,0,Investor!$B$6*Investor!$B$5*Investor!$B$7) -> 266000000 | D57: =(Investor!$B$11+Investor!$B$10)*C57 -> 34580000 | E57: =IF(A57>Investor!$B$16,0,MIN(C57,Investor!$B$8*$B$38*B57*Investor!$B$7)) -> 24277795 | F57: =IF(A57>Investor!$B$16,0,IF(A57=Investor!$B$16,C57-E57,IF(Investor!$B$17=1,(C57-E57)*(1-B57/B56),0))) -> 0 | G57: =C57-E57-F57 -> 2.4172221e+08 | H57: =D57+F57 -> 34580000
A58: 2 | B58: =IF(A58>Investor!$B$16,0,IF(A58<=Investor!$B$12,Investor!$B$5,Investor!$B$5*(1-Investor!$B$13)^(A58-Investor!$B$12))) -> 4000000000 | C58: =IF(A58>Investor!$B$16,0,G57) -> 2.4172221e+08 | D58: =(Investor!$B$11+Investor!$B$10)*C58 -> 31423887 | E58: =IF(A58>Investor!$B$16,0,MIN(C58,Investor!$B$8*$B$38*B58*Investor!$B$7)) -> 24277795 | F58: =IF(A58>Investor!$B$16,0,IF(A58=Investor!$B$16,C58-E58,IF(Investor!$B$17=1,(C58-E58)*(1-B58/B57),0))) -> 0 | G58: =C58-E58-F58 -> 2.1744441e+08 | H58: =D58+F58 -> 31423887
A59: 3 | B59: =IF(A59>Investor!$B$16,0,IF(A59<=Investor!$B$12,Investor!$B$5,Investor!$B$5*(1-Investor!$B$13)^(A59-Investor!$B$12))) -> 3680000000 | C59: =IF(A59>Investor!$B$16,0,G58) -> 2.1744441e+08 | D59: =(Investor!$B$11+Investor!$B$10)*C59 -> 28267773 | E59: =IF(A59>Investor!$B$16,0,MIN(C59,Investor!$B$8*$B$38*B59*Investor!$B$7)) -> 22335571 | F59: =IF(A59>Investor!$B$16,0,IF(A59=Investor!$B$16,C59-E59,IF(Investor!$B$17=1,(C59-E59)*(1-B59/B58),0))) -> 15608707 | G59: =C59-E59-F59 -> 1.7950013e+08 | H59: =D59+F59 -> 43876480
A60: 4 | B60: =IF(A60>Investor!$B$16,0,IF(A60<=Investor!$B$12,Investor!$B$5,Investor!$B$5*(1-Investor!$B$13)^(A60-Investor!$B$12))) -> 3385600000 | C60: =IF(A60>Investor!$B$16,0,G59) -> 1.7950013e+08 | D60: =(Investor!$B$11+Investor!$B$10)*C60 -> 23335017 | E60: =IF(A60>Investor!$B$16,0,MIN(C60,Investor!$B$8*$B$38*B60*Investor!$B$7)) -> 20548726 | F60: =IF(A60>Investor!$B$16,0,IF(A60=Investor!$B$16,C60-E60,IF(Investor!$B$17=1,(C60-E60)*(1-B60/B59),0))) -> 12716112 | G60: =C60-E60-F60 -> 1.4623529e+08 | H60: =D60+F60 -> 36051130
A61: 5 | B61: =IF(A61>Investor!$B$16,0,IF(A61<=Investor!$B$12,Investor!$B$5,Investor!$B$5*(1-Investor!$B$13)^(A61-Investor!$B$12))) -> 3114752000 | C61: =IF(A61>Investor!$B$16,0,G60) -> 1.4623529e+08 | D61: =(Investor!$B$11+Investor!$B$10)*C61 -> 19010588 | E61: =IF(A61>Investor!$B$16,0,MIN(C61,Investor!$B$8*$B$38*B61*Investor!$B$7)) -> 18904828 | F61: =IF(A61>Investor!$B$16,0,IF(A61=Investor!$B$16,C61-E61,IF(Investor!$B$17=1,(C61-E61)*(1-B61/B60),0))) -> 1.2733047e+08 | G61: =C61-E61-F61 -> 0 | H61: =D61+F61 -> 1.4634105e+08
A62: 6 | B62: =IF(A62>Investor!$B$16,0,IF(A62<=Investor!$B$12,Investor!$B$5,Investor!$B$5*(1-Investor!$B$13)^(A62-Investor!$B$12))) -> 0 | C62: =IF(A62>Investor!$B$16,0,G61) -> 0 | D62: =(Investor!$B$11+Investor!$B$10)*C62 -> 0 | E62: =IF(A62>Investor!$B$16,0,MIN(C62,Investor!$B$8*$B$38*B62*Investor!$B$7)) -> 0 | F62: =IF(A62>Investor!$B$16,0,IF(A62=Investor!$B$16,C62-E62,IF(Investor!$B$17=1,(C62-E62)*(1-B62/B61),0))) -> 0 | G62: =C62-E62-F62 -> 0 | H62: =D62+F62 -> 0
A63: 7 | B63: =IF(A63>Investor!$B$16,0,IF(A63<=Investor!$B$12,Investor!$B$5,Investor!$B$5*(1-Investor!$B$13)^(A63-Investor!$B$12))) -> 0 | C63: =IF(A63>Investor!$B$16,0,G62) -> 0 | D63: =(Investor!$B$11+Investor!$B$10)*C63 -> 0 | E63: =IF(A63>Investor!$B$16,0,MIN(C63,Investor!$B$8*$B$38*B63*Investor!$B$7)) -> 0 | F63: =IF(A63>Investor!$B$16,0,IF(A63=Investor!$B$16,C63-E63,IF(Investor!$B$17=1,(C63-E63)*(1-B63/B62),0))) -> 0 | G63: =C63-E63-F63 -> 0 | H63: =D63+F63 -> 0
A64: 8 | B64: =IF(A64>Investor!$B$16,0,IF(A64<=Investor!$B$12,Investor!$B$5,Investor!$B$5*(1-Investor!$B$13)^(A64-Investor!$B$12))) -> 0 | C64: =IF(A64>Investor!$B$16,0,G63) -> 0 | D64: =(Investor!$B$11+Investor!$B$10)*C64 -> 0 | E64: =IF(A64>Investor!$B$16,0,MIN(C64,Investor!$B$8*$B$38*B64*Investor!$B$7)) -> 0 | F64: =IF(A64>Investor!$B$16,0,IF(A64=Investor!$B$16,C64-E64,IF(Investor!$B$17=1,(C64-E64)*(1-B64/B63),0))) -> 0 | G64: =C64-E64-F64 -> 0 | H64: =D64+F64 -> 0
A65: Total | D65: =SUM(D57:D64) -> 1.3661727e+08 | E65: =SUM(E57:E64) -> 1.1034471e+08 | F65: =SUM(F57:F64) -> 1.5565529e+08 | G65: IRR | H65: =IRR(H56:H64,IF(SUM(H56:H64)>=0,0.1,-0.3)) -> 0.025407767
A68: Coupons less losses at the first multiple (zero) | B68: =D51-E51 -> 0
A69: Margin less losses at the second multiple (zero) | B69: =Investor!$B$10*SUM(C57:C64)-E65 -> 0

Sheet Stress
A1: Stress: six scenarios (Chapters 21 and 22)
A2: Held to maturity, unlevered and at the fund's leverage. The multiples are the book's; the regulatory loss rate is the bank's own PD times downturn LGD.
A4: Loss rate at the bank's regulatory parameters, a year | B4: 0.00350868
A5: Best-estimate LGD behind the loss rate on sheet 1 | B5: 0.3
A6: Stressed LGD | B6: 0.6
A8: Scenario | B8: Default multiple | C8: Loss rate | D8: Losses charged | E8: Tranche consumed | F8: Coupons | G8: Return | H8: At the fund's leverage | I8: Principal returned
A9: Best estimate | B9: 1 | C9: =Investor!$B$8*B9 -> 0.0018223875 | D9: =E28 -> 31475064 | E9: =E28/C20 -> 0.11832731 | F9: =D28 -> 1.5677688e+08 | G9: =H28 -> 0.1039021 | H9: =MAX(-1,G9+Investor!$B$14*(G9-Investor!$B$15)) -> 0.16600526 | I9: =F28 -> 2.3452494e+08
A10: Regulatory parameters | B10: 1 | C10: =$B$4 -> 0.00350868 | D10: =E42 -> 60599586 | E10: =E42/C34 -> 0.22781799 | F10: =D42 -> 1.4933245e+08 | G10: =H42 -> 0.077451376 | H10: =MAX(-1,G10+Investor!$B$14*(G10-Investor!$B$15)) -> 0.09987844 | I10: =F42 -> 2.0540041e+08
A11: Mild recession | B11: 2 | C11: =Investor!$B$8*B11 -> 0.003644775 | D11: =E56 -> 62950128 | E11: =E56/C48 -> 0.23665462 | F11: =D56 -> 1.4873164e+08 | G11: =H56 -> 0.075204194 | H11: =MAX(-1,G11+Investor!$B$14*(G11-Investor!$B$15)) -> 0.094260486 | I11: =F56 -> 2.0304987e+08
A12: Severe recession | B12: 3.5 | C12: =Investor!$B$8*B12 -> 0.0063783562 | D12: =E70 -> 1.1016272e+08 | E12: =E70/C62 -> 0.41414558 | F12: =D70 -> 1.3666378e+08 | G12: =H70 -> 0.025618037 | H12: =MAX(-1,G12+Investor!$B$14*(G12-Investor!$B$15)) -> -0.029704907 | I12: =F70 -> 1.5583728e+08
A13: Severe + LGD 60 percent | B13: 3.5 | C13: =Investor!$B$8*B13*$B$6/$B$5 -> 0.012756712 | D13: =E84 -> 2.2032545e+08 | E13: =E84/C76 -> 0.82829116 | F13: =D84 -> 1.0850545e+08 | G13: =H84 -> -0.15703989 | H13: =MAX(-1,G13+Investor!$B$14*(G13-Investor!$B$15)) -> -0.48634973 | I13: =F84 -> 45674553
A14: 2008-style | B14: 5 | C14: =Investor!$B$8*B14*$B$6/$B$5 -> 0.018223875 | D14: =E98 -> 2.6089129e+08 | E14: =E98/C90 -> 0.98079431 | F14: =D98 -> 84369744 | G14: =H98 -> -0.38089474 | H14: =MAX(-1,G14+Investor!$B$14*(G14-Investor!$B$15)) -> -1 | I14: =F98 -> 5108713.7
A17: Best estimate
A18: Year | B18: Reference pool | C18: Opening balance | D18: Coupon | E18: Lost to write-down | F18: Principal repaid | G18: Closing balance | H18: Cash flow
A19: 0 | B19: =Investor!$B$5 -> 4000000000 | H19: =-C20 -> -266000000
A20: 1 | B20: =IF(A20>Investor!$B$16,0,IF(A20<=Investor!$B$12,Investor!$B$5,Investor!$B$5*(1-Investor!$B$13)^(A20-Investor!$B$12))) -> 4000000000 | C20: =IF(A20>Investor!$B$16,0,Investor!$B$6*Investor!$B$5*Investor!$B$7) -> 266000000 | D20: =(Investor!$B$11+Investor!$B$10)*C20 -> 34580000 | E20: =IF(A20>Investor!$B$16,0,MIN(C20,Stress!$C$9*B20*Investor!$B$7)) -> 6925072.5 | F20: =IF(A20>Investor!$B$16,0,IF(A20=Investor!$B$16,C20-E20,IF(Investor!$B$17=1,(C20-E20)*(1-B20/B19),0))) -> 0 | G20: =C20-E20-F20 -> 2.5907493e+08 | H20: =D20+F20 -> 34580000
A21: 2 | B21: =IF(A21>Investor!$B$16,0,IF(A21<=Investor!$B$12,Investor!$B$5,Investor!$B$5*(1-Investor!$B$13)^(A21-Investor!$B$12))) -> 4000000000 | C21: =IF(A21>Investor!$B$16,0,G20) -> 2.5907493e+08 | D21: =(Investor!$B$11+Investor!$B$10)*C21 -> 33679741 | E21: =IF(A21>Investor!$B$16,0,MIN(C21,Stress!$C$9*B21*Investor!$B$7)) -> 6925072.5 | F21: =IF(A21>Investor!$B$16,0,IF(A21=Investor!$B$16,C21-E21,IF(Investor!$B$17=1,(C21-E21)*(1-B21/B20),0))) -> 0 | G21: =C21-E21-F21 -> 252149855 | H21: =D21+F21 -> 33679741
A22: 3 | B22: =IF(A22>Investor!$B$16,0,IF(A22<=Investor!$B$12,Investor!$B$5,Investor!$B$5*(1-Investor!$B$13)^(A22-Investor!$B$12))) -> 3680000000 | C22: =IF(A22>Investor!$B$16,0,G21) -> 252149855 | D22: =(Investor!$B$11+Investor!$B$10)*C22 -> 32779481 | E22: =IF(A22>Investor!$B$16,0,MIN(C22,Stress!$C$9*B22*Investor!$B$7)) -> 6371066.7 | F22: =IF(A22>Investor!$B$16,0,IF(A22=Investor!$B$16,C22-E22,IF(Investor!$B$17=1,(C22-E22)*(1-B22/B21),0))) -> 19662303 | G22: =C22-E22-F22 -> 2.2611649e+08 | H22: =D22+F22 -> 52441784
A23: 4 | B23: =IF(A23>Investor!$B$16,0,IF(A23<=Investor!$B$12,Investor!$B$5,Investor!$B$5*(1-Investor!$B$13)^(A23-Investor!$B$12))) -> 3385600000 | C23: =IF(A23>Investor!$B$16,0,G22) -> 2.2611649e+08 | D23: =(Investor!$B$11+Investor!$B$10)*C23 -> 29395143 | E23: =IF(A23>Investor!$B$16,0,MIN(C23,Stress!$C$9*B23*Investor!$B$7)) -> 5861381.4 | F23: =IF(A23>Investor!$B$16,0,IF(A23=Investor!$B$16,C23-E23,IF(Investor!$B$17=1,(C23-E23)*(1-B23/B22),0))) -> 17620408 | G23: =C23-E23-F23 -> 2.026347e+08 | H23: =D23+F23 -> 47015551
A24: 5 | B24: =IF(A24>Investor!$B$16,0,IF(A24<=Investor!$B$12,Investor!$B$5,Investor!$B$5*(1-Investor!$B$13)^(A24-Investor!$B$12))) -> 3114752000 | C24: =IF(A24>Investor!$B$16,0,G23) -> 2.026347e+08 | D24: =(Investor!$B$11+Investor!$B$10)*C24 -> 26342510 | E24: =IF(A24>Investor!$B$16,0,MIN(C24,Stress!$C$9*B24*Investor!$B$7)) -> 5392470.9 | F24: =IF(A24>Investor!$B$16,0,IF(A24=Investor!$B$16,C24-E24,IF(Investor!$B$17=1,(C24-E24)*(1-B24/B23),0))) -> 1.9724222e+08 | G24: =C24-E24-F24 -> 0 | H24: =D24+F24 -> 2.2358474e+08
A25: 6 | B25: =IF(A25>Investor!$B$16,0,IF(A25<=Investor!$B$12,Investor!$B$5,Investor!$B$5*(1-Investor!$B$13)^(A25-Investor!$B$12))) -> 0 | C25: =IF(A25>Investor!$B$16,0,G24) -> 0 | D25: =(Investor!$B$11+Investor!$B$10)*C25 -> 0 | E25: =IF(A25>Investor!$B$16,0,MIN(C25,Stress!$C$9*B25*Investor!$B$7)) -> 0 | F25: =IF(A25>Investor!$B$16,0,IF(A25=Investor!$B$16,C25-E25,IF(Investor!$B$17=1,(C25-E25)*(1-B25/B24),0))) -> 0 | G25: =C25-E25-F25 -> 0 | H25: =D25+F25 -> 0
A26: 7 | B26: =IF(A26>Investor!$B$16,0,IF(A26<=Investor!$B$12,Investor!$B$5,Investor!$B$5*(1-Investor!$B$13)^(A26-Investor!$B$12))) -> 0 | C26: =IF(A26>Investor!$B$16,0,G25) -> 0 | D26: =(Investor!$B$11+Investor!$B$10)*C26 -> 0 | E26: =IF(A26>Investor!$B$16,0,MIN(C26,Stress!$C$9*B26*Investor!$B$7)) -> 0 | F26: =IF(A26>Investor!$B$16,0,IF(A26=Investor!$B$16,C26-E26,IF(Investor!$B$17=1,(C26-E26)*(1-B26/B25),0))) -> 0 | G26: =C26-E26-F26 -> 0 | H26: =D26+F26 -> 0
A27: 8 | B27: =IF(A27>Investor!$B$16,0,IF(A27<=Investor!$B$12,Investor!$B$5,Investor!$B$5*(1-Investor!$B$13)^(A27-Investor!$B$12))) -> 0 | C27: =IF(A27>Investor!$B$16,0,G26) -> 0 | D27: =(Investor!$B$11+Investor!$B$10)*C27 -> 0 | E27: =IF(A27>Investor!$B$16,0,MIN(C27,Stress!$C$9*B27*Investor!$B$7)) -> 0 | F27: =IF(A27>Investor!$B$16,0,IF(A27=Investor!$B$16,C27-E27,IF(Investor!$B$17=1,(C27-E27)*(1-B27/B26),0))) -> 0 | G27: =C27-E27-F27 -> 0 | H27: =D27+F27 -> 0
A28: Total | D28: =SUM(D20:D27) -> 1.5677688e+08 | E28: =SUM(E20:E27) -> 31475064 | F28: =SUM(F20:F27) -> 2.3452494e+08 | G28: IRR | H28: =IRR(H19:H27,IF(SUM(H19:H27)>=0,0.1,-0.3)) -> 0.1039021
A31: Regulatory parameters
A32: Year | B32: Reference pool | C32: Opening balance | D32: Coupon | E32: Lost to write-down | F32: Principal repaid | G32: Closing balance | H32: Cash flow
A33: 0 | B33: =Investor!$B$5 -> 4000000000 | H33: =-C34 -> -266000000
A34: 1 | B34: =IF(A34>Investor!$B$16,0,IF(A34<=Investor!$B$12,Investor!$B$5,Investor!$B$5*(1-Investor!$B$13)^(A34-Investor!$B$12))) -> 4000000000 | C34: =IF(A34>Investor!$B$16,0,Investor!$B$6*Investor!$B$5*Investor!$B$7) -> 266000000 | D34: =(Investor!$B$11+Investor!$B$10)*C34 -> 34580000 | E34: =IF(A34>Investor!$B$16,0,MIN(C34,Stress!$C$10*B34*Investor!$B$7)) -> 13332984 | F34: =IF(A34>Investor!$B$16,0,IF(A34=Investor!$B$16,C34-E34,IF(Investor!$B$17=1,(C34-E34)*(1-B34/B33),0))) -> 0 | G34: =C34-E34-F34 -> 252667016 | H34: =D34+F34 -> 34580000
A35: 2 | B35: =IF(A35>Investor!$B$16,0,IF(A35<=Investor!$B$12,Investor!$B$5,Investor!$B$5*(1-Investor!$B$13)^(A35-Investor!$B$12))) -> 4000000000 | C35: =IF(A35>Investor!$B$16,0,G34) -> 252667016 | D35: =(Investor!$B$11+Investor!$B$10)*C35 -> 32846712 | E35: =IF(A35>Investor!$B$16,0,MIN(C35,Stress!$C$10*B35*Investor!$B$7)) -> 13332984 | F35: =IF(A35>Investor!$B$16,0,IF(A35=Investor!$B$16,C35-E35,IF(Investor!$B$17=1,(C35-E35)*(1-B35/B34),0))) -> 0 | G35: =C35-E35-F35 -> 239334032 | H35: =D35+F35 -> 32846712
A36: 3 | B36: =IF(A36>Investor!$B$16,0,IF(A36<=Investor!$B$12,Investor!$B$5,Investor!$B$5*(1-Investor!$B$13)^(A36-Investor!$B$12))) -> 3680000000 | C36: =IF(A36>Investor!$B$16,0,G35) -> 239334032 | D36: =(Investor!$B$11+Investor!$B$10)*C36 -> 31113424 | E36: =IF(A36>Investor!$B$16,0,MIN(C36,Stress!$C$10*B36*Investor!$B$7)) -> 12266345 | F36: =IF(A36>Investor!$B$16,0,IF(A36=Investor!$B$16,C36-E36,IF(Investor!$B$17=1,(C36-E36)*(1-B36/B35),0))) -> 18165415 | G36: =C36-E36-F36 -> 2.0890227e+08 | H36: =D36+F36 -> 49278839
A37: 4 | B37: =IF(A37>Investor!$B$16,0,IF(A37<=Investor!$B$12,Investor!$B$5,Investor!$B$5*(1-Investor!$B$13)^(A37-Investor!$B$12))) -> 3385600000 | C37: =IF(A37>Investor!$B$16,0,G36) -> 2.0890227e+08 | D37: =(Investor!$B$11+Investor!$B$10)*C37 -> 27157295 | E37: =IF(A37>Investor!$B$16,0,MIN(C37,Stress!$C$10*B37*Investor!$B$7)) -> 11285038 | F37: =IF(A37>Investor!$B$16,0,IF(A37=Investor!$B$16,C37-E37,IF(Investor!$B$17=1,(C37-E37)*(1-B37/B36),0))) -> 15809379 | G37: =C37-E37-F37 -> 1.8180786e+08 | H37: =D37+F37 -> 42966674
A38: 5 | B38: =IF(A38>Investor!$B$16,0,IF(A38<=Investor!$B$12,Investor!$B$5,Investor!$B$5*(1-Investor!$B$13)^(A38-Investor!$B$12))) -> 3114752000 | C38: =IF(A38>Investor!$B$16,0,G37) -> 1.8180786e+08 | D38: =(Investor!$B$11+Investor!$B$10)*C38 -> 23635021 | E38: =IF(A38>Investor!$B$16,0,MIN(C38,Stress!$C$10*B38*Investor!$B$7)) -> 10382235 | F38: =IF(A38>Investor!$B$16,0,IF(A38=Investor!$B$16,C38-E38,IF(Investor!$B$17=1,(C38-E38)*(1-B38/B37),0))) -> 1.7142562e+08 | G38: =C38-E38-F38 -> 0 | H38: =D38+F38 -> 1.9506064e+08
A39: 6 | B39: =IF(A39>Investor!$B$16,0,IF(A39<=Investor!$B$12,Investor!$B$5,Investor!$B$5*(1-Investor!$B$13)^(A39-Investor!$B$12))) -> 0 | C39: =IF(A39>Investor!$B$16,0,G38) -> 0 | D39: =(Investor!$B$11+Investor!$B$10)*C39 -> 0 | E39: =IF(A39>Investor!$B$16,0,MIN(C39,Stress!$C$10*B39*Investor!$B$7)) -> 0 | F39: =IF(A39>Investor!$B$16,0,IF(A39=Investor!$B$16,C39-E39,IF(Investor!$B$17=1,(C39-E39)*(1-B39/B38),0))) -> 0 | G39: =C39-E39-F39 -> 0 | H39: =D39+F39 -> 0
A40: 7 | B40: =IF(A40>Investor!$B$16,0,IF(A40<=Investor!$B$12,Investor!$B$5,Investor!$B$5*(1-Investor!$B$13)^(A40-Investor!$B$12))) -> 0 | C40: =IF(A40>Investor!$B$16,0,G39) -> 0 | D40: =(Investor!$B$11+Investor!$B$10)*C40 -> 0 | E40: =IF(A40>Investor!$B$16,0,MIN(C40,Stress!$C$10*B40*Investor!$B$7)) -> 0 | F40: =IF(A40>Investor!$B$16,0,IF(A40=Investor!$B$16,C40-E40,IF(Investor!$B$17=1,(C40-E40)*(1-B40/B39),0))) -> 0 | G40: =C40-E40-F40 -> 0 | H40: =D40+F40 -> 0
A41: 8 | B41: =IF(A41>Investor!$B$16,0,IF(A41<=Investor!$B$12,Investor!$B$5,Investor!$B$5*(1-Investor!$B$13)^(A41-Investor!$B$12))) -> 0 | C41: =IF(A41>Investor!$B$16,0,G40) -> 0 | D41: =(Investor!$B$11+Investor!$B$10)*C41 -> 0 | E41: =IF(A41>Investor!$B$16,0,MIN(C41,Stress!$C$10*B41*Investor!$B$7)) -> 0 | F41: =IF(A41>Investor!$B$16,0,IF(A41=Investor!$B$16,C41-E41,IF(Investor!$B$17=1,(C41-E41)*(1-B41/B40),0))) -> 0 | G41: =C41-E41-F41 -> 0 | H41: =D41+F41 -> 0
A42: Total | D42: =SUM(D34:D41) -> 1.4933245e+08 | E42: =SUM(E34:E41) -> 60599586 | F42: =SUM(F34:F41) -> 2.0540041e+08 | G42: IRR | H42: =IRR(H33:H41,IF(SUM(H33:H41)>=0,0.1,-0.3)) -> 0.077451376
A45: Mild recession
A46: Year | B46: Reference pool | C46: Opening balance | D46: Coupon | E46: Lost to write-down | F46: Principal repaid | G46: Closing balance | H46: Cash flow
A47: 0 | B47: =Investor!$B$5 -> 4000000000 | H47: =-C48 -> -266000000
A48: 1 | B48: =IF(A48>Investor!$B$16,0,IF(A48<=Investor!$B$12,Investor!$B$5,Investor!$B$5*(1-Investor!$B$13)^(A48-Investor!$B$12))) -> 4000000000 | C48: =IF(A48>Investor!$B$16,0,Investor!$B$6*Investor!$B$5*Investor!$B$7) -> 266000000 | D48: =(Investor!$B$11+Investor!$B$10)*C48 -> 34580000 | E48: =IF(A48>Investor!$B$16,0,MIN(C48,Stress!$C$11*B48*Investor!$B$7)) -> 13850145 | F48: =IF(A48>Investor!$B$16,0,IF(A48=Investor!$B$16,C48-E48,IF(Investor!$B$17=1,(C48-E48)*(1-B48/B47),0))) -> 0 | G48: =C48-E48-F48 -> 252149855 | H48: =D48+F48 -> 34580000
A49: 2 | B49: =IF(A49>Investor!$B$16,0,IF(A49<=Investor!$B$12,Investor!$B$5,Investor!$B$5*(1-Investor!$B$13)^(A49-Investor!$B$12))) -> 4000000000 | C49: =IF(A49>Investor!$B$16,0,G48) -> 252149855 | D49: =(Investor!$B$11+Investor!$B$10)*C49 -> 32779481 | E49: =IF(A49>Investor!$B$16,0,MIN(C49,Stress!$C$11*B49*Investor!$B$7)) -> 13850145 | F49: =IF(A49>Investor!$B$16,0,IF(A49=Investor!$B$16,C49-E49,IF(Investor!$B$17=1,(C49-E49)*(1-B49/B48),0))) -> 0 | G49: =C49-E49-F49 -> 238299710 | H49: =D49+F49 -> 32779481
A50: 3 | B50: =IF(A50>Investor!$B$16,0,IF(A50<=Investor!$B$12,Investor!$B$5,Investor!$B$5*(1-Investor!$B$13)^(A50-Investor!$B$12))) -> 3680000000 | C50: =IF(A50>Investor!$B$16,0,G49) -> 238299710 | D50: =(Investor!$B$11+Investor!$B$10)*C50 -> 30978962 | E50: =IF(A50>Investor!$B$16,0,MIN(C50,Stress!$C$11*B50*Investor!$B$7)) -> 12742133 | F50: =IF(A50>Investor!$B$16,0,IF(A50=Investor!$B$16,C50-E50,IF(Investor!$B$17=1,(C50-E50)*(1-B50/B49),0))) -> 18044606 | G50: =C50-E50-F50 -> 2.0751297e+08 | H50: =D50+F50 -> 49023568
A51: 4 | B51: =IF(A51>Investor!$B$16,0,IF(A51<=Investor!$B$12,Investor!$B$5,Investor!$B$5*(1-Investor!$B$13)^(A51-Investor!$B$12))) -> 3385600000 | C51: =IF(A51>Investor!$B$16,0,G50) -> 2.0751297e+08 | D51: =(Investor!$B$11+Investor!$B$10)*C51 -> 26976686 | E51: =IF(A51>Investor!$B$16,0,MIN(C51,Stress!$C$11*B51*Investor!$B$7)) -> 11722763 | F51: =IF(A51>Investor!$B$16,0,IF(A51=Investor!$B$16,C51-E51,IF(Investor!$B$17=1,(C51-E51)*(1-B51/B50),0))) -> 15663217 | G51: =C51-E51-F51 -> 1.8012699e+08 | H51: =D51+F51 -> 42639903
A52: 5 | B52: =IF(A52>Investor!$B$16,0,IF(A52<=Investor!$B$12,Investor!$B$5,Investor!$B$5*(1-Investor!$B$13)^(A52-Investor!$B$12))) -> 3114752000 | C52: =IF(A52>Investor!$B$16,0,G51) -> 1.8012699e+08 | D52: =(Investor!$B$11+Investor!$B$10)*C52 -> 23416509 | E52: =IF(A52>Investor!$B$16,0,MIN(C52,Stress!$C$11*B52*Investor!$B$7)) -> 10784942 | F52: =IF(A52>Investor!$B$16,0,IF(A52=Investor!$B$16,C52-E52,IF(Investor!$B$17=1,(C52-E52)*(1-B52/B51),0))) -> 1.6934205e+08 | G52: =C52-E52-F52 -> 0 | H52: =D52+F52 -> 1.9275856e+08
A53: 6 | B53: =IF(A53>Investor!$B$16,0,IF(A53<=Investor!$B$12,Investor!$B$5,Investor!$B$5*(1-Investor!$B$13)^(A53-Investor!$B$12))) -> 0 | C53: =IF(A53>Investor!$B$16,0,G52) -> 0 | D53: =(Investor!$B$11+Investor!$B$10)*C53 -> 0 | E53: =IF(A53>Investor!$B$16,0,MIN(C53,Stress!$C$11*B53*Investor!$B$7)) -> 0 | F53: =IF(A53>Investor!$B$16,0,IF(A53=Investor!$B$16,C53-E53,IF(Investor!$B$17=1,(C53-E53)*(1-B53/B52),0))) -> 0 | G53: =C53-E53-F53 -> 0 | H53: =D53+F53 -> 0
A54: 7 | B54: =IF(A54>Investor!$B$16,0,IF(A54<=Investor!$B$12,Investor!$B$5,Investor!$B$5*(1-Investor!$B$13)^(A54-Investor!$B$12))) -> 0 | C54: =IF(A54>Investor!$B$16,0,G53) -> 0 | D54: =(Investor!$B$11+Investor!$B$10)*C54 -> 0 | E54: =IF(A54>Investor!$B$16,0,MIN(C54,Stress!$C$11*B54*Investor!$B$7)) -> 0 | F54: =IF(A54>Investor!$B$16,0,IF(A54=Investor!$B$16,C54-E54,IF(Investor!$B$17=1,(C54-E54)*(1-B54/B53),0))) -> 0 | G54: =C54-E54-F54 -> 0 | H54: =D54+F54 -> 0
A55: 8 | B55: =IF(A55>Investor!$B$16,0,IF(A55<=Investor!$B$12,Investor!$B$5,Investor!$B$5*(1-Investor!$B$13)^(A55-Investor!$B$12))) -> 0 | C55: =IF(A55>Investor!$B$16,0,G54) -> 0 | D55: =(Investor!$B$11+Investor!$B$10)*C55 -> 0 | E55: =IF(A55>Investor!$B$16,0,MIN(C55,Stress!$C$11*B55*Investor!$B$7)) -> 0 | F55: =IF(A55>Investor!$B$16,0,IF(A55=Investor!$B$16,C55-E55,IF(Investor!$B$17=1,(C55-E55)*(1-B55/B54),0))) -> 0 | G55: =C55-E55-F55 -> 0 | H55: =D55+F55 -> 0
A56: Total | D56: =SUM(D48:D55) -> 1.4873164e+08 | E56: =SUM(E48:E55) -> 62950128 | F56: =SUM(F48:F55) -> 2.0304987e+08 | G56: IRR | H56: =IRR(H47:H55,IF(SUM(H47:H55)>=0,0.1,-0.3)) -> 0.075204194
A59: Severe recession
A60: Year | B60: Reference pool | C60: Opening balance | D60: Coupon | E60: Lost to write-down | F60: Principal repaid | G60: Closing balance | H60: Cash flow
A61: 0 | B61: =Investor!$B$5 -> 4000000000 | H61: =-C62 -> -266000000
A62: 1 | B62: =IF(A62>Investor!$B$16,0,IF(A62<=Investor!$B$12,Investor!$B$5,Investor!$B$5*(1-Investor!$B$13)^(A62-Investor!$B$12))) -> 4000000000 | C62: =IF(A62>Investor!$B$16,0,Investor!$B$6*Investor!$B$5*Investor!$B$7) -> 266000000 | D62: =(Investor!$B$11+Investor!$B$10)*C62 -> 34580000 | E62: =IF(A62>Investor!$B$16,0,MIN(C62,Stress!$C$12*B62*Investor!$B$7)) -> 24237754 | F62: =IF(A62>Investor!$B$16,0,IF(A62=Investor!$B$16,C62-E62,IF(Investor!$B$17=1,(C62-E62)*(1-B62/B61),0))) -> 0 | G62: =C62-E62-F62 -> 2.4176225e+08 | H62: =D62+F62 -> 34580000
A63: 2 | B63: =IF(A63>Investor!$B$16,0,IF(A63<=Investor!$B$12,Investor!$B$5,Investor!$B$5*(1-Investor!$B$13)^(A63-Investor!$B$12))) -> 4000000000 | C63: =IF(A63>Investor!$B$16,0,G62) -> 2.4176225e+08 | D63: =(Investor!$B$11+Investor!$B$10)*C63 -> 31429092 | E63: =IF(A63>Investor!$B$16,0,MIN(C63,Stress!$C$12*B63*Investor!$B$7)) -> 24237754 | F63: =IF(A63>Investor!$B$16,0,IF(A63=Investor!$B$16,C63-E63,IF(Investor!$B$17=1,(C63-E63)*(1-B63/B62),0))) -> 0 | G63: =C63-E63-F63 -> 2.1752449e+08 | H63: =D63+F63 -> 31429092
A64: 3 | B64: =IF(A64>Investor!$B$16,0,IF(A64<=Investor!$B$12,Investor!$B$5,Investor!$B$5*(1-Investor!$B$13)^(A64-Investor!$B$12))) -> 3680000000 | C64: =IF(A64>Investor!$B$16,0,G63) -> 2.1752449e+08 | D64: =(Investor!$B$11+Investor!$B$10)*C64 -> 28278184 | E64: =IF(A64>Investor!$B$16,0,MIN(C64,Stress!$C$12*B64*Investor!$B$7)) -> 22298733 | F64: =IF(A64>Investor!$B$16,0,IF(A64=Investor!$B$16,C64-E64,IF(Investor!$B$17=1,(C64-E64)*(1-B64/B63),0))) -> 15618061 | G64: =C64-E64-F64 -> 1.796077e+08 | H64: =D64+F64 -> 43896245
A65: 4 | B65: =IF(A65>Investor!$B$16,0,IF(A65<=Investor!$B$12,Investor!$B$5,Investor!$B$5*(1-Investor!$B$13)^(A65-Investor!$B$12))) -> 3385600000 | C65: =IF(A65>Investor!$B$16,0,G64) -> 1.796077e+08 | D65: =(Investor!$B$11+Investor!$B$10)*C65 -> 23349001 | E65: =IF(A65>Investor!$B$16,0,MIN(C65,Stress!$C$12*B65*Investor!$B$7)) -> 20514835 | F65: =IF(A65>Investor!$B$16,0,IF(A65=Investor!$B$16,C65-E65,IF(Investor!$B$17=1,(C65-E65)*(1-B65/B64),0))) -> 12727429 | G65: =C65-E65-F65 -> 1.4636543e+08 | H65: =D65+F65 -> 36076430
A66: 5 | B66: =IF(A66>Investor!$B$16,0,IF(A66<=Investor!$B$12,Investor!$B$5,Investor!$B$5*(1-Investor!$B$13)^(A66-Investor!$B$12))) -> 3114752000 | C66: =IF(A66>Investor!$B$16,0,G65) -> 1.4636543e+08 | D66: =(Investor!$B$11+Investor!$B$10)*C66 -> 19027506 | E66: =IF(A66>Investor!$B$16,0,MIN(C66,Stress!$C$12*B66*Investor!$B$7)) -> 18873648 | F66: =IF(A66>Investor!$B$16,0,IF(A66=Investor!$B$16,C66-E66,IF(Investor!$B$17=1,(C66-E66)*(1-B66/B65),0))) -> 1.2749179e+08 | G66: =C66-E66-F66 -> 0 | H66: =D66+F66 -> 1.4651929e+08
A67: 6 | B67: =IF(A67>Investor!$B$16,0,IF(A67<=Investor!$B$12,Investor!$B$5,Investor!$B$5*(1-Investor!$B$13)^(A67-Investor!$B$12))) -> 0 | C67: =IF(A67>Investor!$B$16,0,G66) -> 0 | D67: =(Investor!$B$11+Investor!$B$10)*C67 -> 0 | E67: =IF(A67>Investor!$B$16,0,MIN(C67,Stress!$C$12*B67*Investor!$B$7)) -> 0 | F67: =IF(A67>Investor!$B$16,0,IF(A67=Investor!$B$16,C67-E67,IF(Investor!$B$17=1,(C67-E67)*(1-B67/B66),0))) -> 0 | G67: =C67-E67-F67 -> 0 | H67: =D67+F67 -> 0
A68: 7 | B68: =IF(A68>Investor!$B$16,0,IF(A68<=Investor!$B$12,Investor!$B$5,Investor!$B$5*(1-Investor!$B$13)^(A68-Investor!$B$12))) -> 0 | C68: =IF(A68>Investor!$B$16,0,G67) -> 0 | D68: =(Investor!$B$11+Investor!$B$10)*C68 -> 0 | E68: =IF(A68>Investor!$B$16,0,MIN(C68,Stress!$C$12*B68*Investor!$B$7)) -> 0 | F68: =IF(A68>Investor!$B$16,0,IF(A68=Investor!$B$16,C68-E68,IF(Investor!$B$17=1,(C68-E68)*(1-B68/B67),0))) -> 0 | G68: =C68-E68-F68 -> 0 | H68: =D68+F68 -> 0
A69: 8 | B69: =IF(A69>Investor!$B$16,0,IF(A69<=Investor!$B$12,Investor!$B$5,Investor!$B$5*(1-Investor!$B$13)^(A69-Investor!$B$12))) -> 0 | C69: =IF(A69>Investor!$B$16,0,G68) -> 0 | D69: =(Investor!$B$11+Investor!$B$10)*C69 -> 0 | E69: =IF(A69>Investor!$B$16,0,MIN(C69,Stress!$C$12*B69*Investor!$B$7)) -> 0 | F69: =IF(A69>Investor!$B$16,0,IF(A69=Investor!$B$16,C69-E69,IF(Investor!$B$17=1,(C69-E69)*(1-B69/B68),0))) -> 0 | G69: =C69-E69-F69 -> 0 | H69: =D69+F69 -> 0
A70: Total | D70: =SUM(D62:D69) -> 1.3666378e+08 | E70: =SUM(E62:E69) -> 1.1016272e+08 | F70: =SUM(F62:F69) -> 1.5583728e+08 | G70: IRR | H70: =IRR(H61:H69,IF(SUM(H61:H69)>=0,0.1,-0.3)) -> 0.025618037
A73: Severe + LGD 60 percent
A74: Year | B74: Reference pool | C74: Opening balance | D74: Coupon | E74: Lost to write-down | F74: Principal repaid | G74: Closing balance | H74: Cash flow
A75: 0 | B75: =Investor!$B$5 -> 4000000000 | H75: =-C76 -> -266000000
A76: 1 | B76: =IF(A76>Investor!$B$16,0,IF(A76<=Investor!$B$12,Investor!$B$5,Investor!$B$5*(1-Investor!$B$13)^(A76-Investor!$B$12))) -> 4000000000 | C76: =IF(A76>Investor!$B$16,0,Investor!$B$6*Investor!$B$5*Investor!$B$7) -> 266000000 | D76: =(Investor!$B$11+Investor!$B$10)*C76 -> 34580000 | E76: =IF(A76>Investor!$B$16,0,MIN(C76,Stress!$C$13*B76*Investor!$B$7)) -> 48475508 | F76: =IF(A76>Investor!$B$16,0,IF(A76=Investor!$B$16,C76-E76,IF(Investor!$B$17=1,(C76-E76)*(1-B76/B75),0))) -> 0 | G76: =C76-E76-F76 -> 2.1752449e+08 | H76: =D76+F76 -> 34580000
A77: 2 | B77: =IF(A77>Investor!$B$16,0,IF(A77<=Investor!$B$12,Investor!$B$5,Investor!$B$5*(1-Investor!$B$13)^(A77-Investor!$B$12))) -> 4000000000 | C77: =IF(A77>Investor!$B$16,0,G76) -> 2.1752449e+08 | D77: =(Investor!$B$11+Investor!$B$10)*C77 -> 28278184 | E77: =IF(A77>Investor!$B$16,0,MIN(C77,Stress!$C$13*B77*Investor!$B$7)) -> 48475508 | F77: =IF(A77>Investor!$B$16,0,IF(A77=Investor!$B$16,C77-E77,IF(Investor!$B$17=1,(C77-E77)*(1-B77/B76),0))) -> 0 | G77: =C77-E77-F77 -> 169048985 | H77: =D77+F77 -> 28278184
A78: 3 | B78: =IF(A78>Investor!$B$16,0,IF(A78<=Investor!$B$12,Investor!$B$5,Investor!$B$5*(1-Investor!$B$13)^(A78-Investor!$B$12))) -> 3680000000 | C78: =IF(A78>Investor!$B$16,0,G77) -> 169048985 | D78: =(Investor!$B$11+Investor!$B$10)*C78 -> 21976368 | E78: =IF(A78>Investor!$B$16,0,MIN(C78,Stress!$C$13*B78*Investor!$B$7)) -> 44597467 | F78: =IF(A78>Investor!$B$16,0,IF(A78=Investor!$B$16,C78-E78,IF(Investor!$B$17=1,(C78-E78)*(1-B78/B77),0))) -> 9956121.4 | G78: =C78-E78-F78 -> 1.144954e+08 | H78: =D78+F78 -> 31932489
A79: 4 | B79: =IF(A79>Investor!$B$16,0,IF(A79<=Investor!$B$12,Investor!$B$5,Investor!$B$5*(1-Investor!$B$13)^(A79-Investor!$B$12))) -> 3385600000 | C79: =IF(A79>Investor!$B$16,0,G78) -> 1.144954e+08 | D79: =(Investor!$B$11+Investor!$B$10)*C79 -> 14884402 | E79: =IF(A79>Investor!$B$16,0,MIN(C79,Stress!$C$13*B79*Investor!$B$7)) -> 41029670 | F79: =IF(A79>Investor!$B$16,0,IF(A79=Investor!$B$16,C79-E79,IF(Investor!$B$17=1,(C79-E79)*(1-B79/B78),0))) -> 5877258.2 | G79: =C79-E79-F79 -> 67588469 | H79: =D79+F79 -> 20761660
A80: 5 | B80: =IF(A80>Investor!$B$16,0,IF(A80<=Investor!$B$12,Investor!$B$5,Investor!$B$5*(1-Investor!$B$13)^(A80-Investor!$B$12))) -> 3114752000 | C80: =IF(A80>Investor!$B$16,0,G79) -> 67588469 | D80: =(Investor!$B$11+Investor!$B$10)*C80 -> 8786501 | E80: =IF(A80>Investor!$B$16,0,MIN(C80,Stress!$C$13*B80*Investor!$B$7)) -> 37747296 | F80: =IF(A80>Investor!$B$16,0,IF(A80=Investor!$B$16,C80-E80,IF(Investor!$B$17=1,(C80-E80)*(1-B80/B79),0))) -> 29841173 | G80: =C80-E80-F80 -> 0 | H80: =D80+F80 -> 38627674
A81: 6 | B81: =IF(A81>Investor!$B$16,0,IF(A81<=Investor!$B$12,Investor!$B$5,Investor!$B$5*(1-Investor!$B$13)^(A81-Investor!$B$12))) -> 0 | C81: =IF(A81>Investor!$B$16,0,G80) -> 0 | D81: =(Investor!$B$11+Investor!$B$10)*C81 -> 0 | E81: =IF(A81>Investor!$B$16,0,MIN(C81,Stress!$C$13*B81*Investor!$B$7)) -> 0 | F81: =IF(A81>Investor!$B$16,0,IF(A81=Investor!$B$16,C81-E81,IF(Investor!$B$17=1,(C81-E81)*(1-B81/B80),0))) -> 0 | G81: =C81-E81-F81 -> 0 | H81: =D81+F81 -> 0
A82: 7 | B82: =IF(A82>Investor!$B$16,0,IF(A82<=Investor!$B$12,Investor!$B$5,Investor!$B$5*(1-Investor!$B$13)^(A82-Investor!$B$12))) -> 0 | C82: =IF(A82>Investor!$B$16,0,G81) -> 0 | D82: =(Investor!$B$11+Investor!$B$10)*C82 -> 0 | E82: =IF(A82>Investor!$B$16,0,MIN(C82,Stress!$C$13*B82*Investor!$B$7)) -> 0 | F82: =IF(A82>Investor!$B$16,0,IF(A82=Investor!$B$16,C82-E82,IF(Investor!$B$17=1,(C82-E82)*(1-B82/B81),0))) -> 0 | G82: =C82-E82-F82 -> 0 | H82: =D82+F82 -> 0
A83: 8 | B83: =IF(A83>Investor!$B$16,0,IF(A83<=Investor!$B$12,Investor!$B$5,Investor!$B$5*(1-Investor!$B$13)^(A83-Investor!$B$12))) -> 0 | C83: =IF(A83>Investor!$B$16,0,G82) -> 0 | D83: =(Investor!$B$11+Investor!$B$10)*C83 -> 0 | E83: =IF(A83>Investor!$B$16,0,MIN(C83,Stress!$C$13*B83*Investor!$B$7)) -> 0 | F83: =IF(A83>Investor!$B$16,0,IF(A83=Investor!$B$16,C83-E83,IF(Investor!$B$17=1,(C83-E83)*(1-B83/B82),0))) -> 0 | G83: =C83-E83-F83 -> 0 | H83: =D83+F83 -> 0
A84: Total | D84: =SUM(D76:D83) -> 1.0850545e+08 | E84: =SUM(E76:E83) -> 2.2032545e+08 | F84: =SUM(F76:F83) -> 45674553 | G84: IRR | H84: =IRR(H75:H83,IF(SUM(H75:H83)>=0,0.1,-0.3)) -> -0.15703989
A87: 2008-style
A88: Year | B88: Reference pool | C88: Opening balance | D88: Coupon | E88: Lost to write-down | F88: Principal repaid | G88: Closing balance | H88: Cash flow
A89: 0 | B89: =Investor!$B$5 -> 4000000000 | H89: =-C90 -> -266000000
A90: 1 | B90: =IF(A90>Investor!$B$16,0,IF(A90<=Investor!$B$12,Investor!$B$5,Investor!$B$5*(1-Investor!$B$13)^(A90-Investor!$B$12))) -> 4000000000 | C90: =IF(A90>Investor!$B$16,0,Investor!$B$6*Investor!$B$5*Investor!$B$7) -> 266000000 | D90: =(Investor!$B$11+Investor!$B$10)*C90 -> 34580000 | E90: =IF(A90>Investor!$B$16,0,MIN(C90,Stress!$C$14*B90*Investor!$B$7)) -> 69250725 | F90: =IF(A90>Investor!$B$16,0,IF(A90=Investor!$B$16,C90-E90,IF(Investor!$B$17=1,(C90-E90)*(1-B90/B89),0))) -> 0 | G90: =C90-E90-F90 -> 196749275 | H90: =D90+F90 -> 34580000
A91: 2 | B91: =IF(A91>Investor!$B$16,0,IF(A91<=Investor!$B$12,Investor!$B$5,Investor!$B$5*(1-Investor!$B$13)^(A91-Investor!$B$12))) -> 4000000000 | C91: =IF(A91>Investor!$B$16,0,G90) -> 196749275 | D91: =(Investor!$B$11+Investor!$B$10)*C91 -> 25577406 | E91: =IF(A91>Investor!$B$16,0,MIN(C91,Stress!$C$14*B91*Investor!$B$7)) -> 69250725 | F91: =IF(A91>Investor!$B$16,0,IF(A91=Investor!$B$16,C91-E91,IF(Investor!$B$17=1,(C91-E91)*(1-B91/B90),0))) -> 0 | G91: =C91-E91-F91 -> 127498550 | H91: =D91+F91 -> 25577406
A92: 3 | B92: =IF(A92>Investor!$B$16,0,IF(A92<=Investor!$B$12,Investor!$B$5,Investor!$B$5*(1-Investor!$B$13)^(A92-Investor!$B$12))) -> 3680000000 | C92: =IF(A92>Investor!$B$16,0,G91) -> 127498550 | D92: =(Investor!$B$11+Investor!$B$10)*C92 -> 16574812 | E92: =IF(A92>Investor!$B$16,0,MIN(C92,Stress!$C$14*B92*Investor!$B$7)) -> 63710667 | F92: =IF(A92>Investor!$B$16,0,IF(A92=Investor!$B$16,C92-E92,IF(Investor!$B$17=1,(C92-E92)*(1-B92/B91),0))) -> 5103030.6 | G92: =C92-E92-F92 -> 58684852 | H92: =D92+F92 -> 21677842
A93: 4 | B93: =IF(A93>Investor!$B$16,0,IF(A93<=Investor!$B$12,Investor!$B$5,Investor!$B$5*(1-Investor!$B$13)^(A93-Investor!$B$12))) -> 3385600000 | C93: =IF(A93>Investor!$B$16,0,G92) -> 58684852 | D93: =(Investor!$B$11+Investor!$B$10)*C93 -> 7629030.8 | E93: =IF(A93>Investor!$B$16,0,MIN(C93,Stress!$C$14*B93*Investor!$B$7)) -> 58613814 | F93: =IF(A93>Investor!$B$16,0,IF(A93=Investor!$B$16,C93-E93,IF(Investor!$B$17=1,(C93-E93)*(1-B93/B92),0))) -> 5683.0976 | G93: =C93-E93-F93 -> 65355.622 | H93: =D93+F93 -> 7634713.9
A94: 5 | B94: =IF(A94>Investor!$B$16,0,IF(A94<=Investor!$B$12,Investor!$B$5,Investor!$B$5*(1-Investor!$B$13)^(A94-Investor!$B$12))) -> 3114752000 | C94: =IF(A94>Investor!$B$16,0,G93) -> 65355.622 | D94: =(Investor!$B$11+Investor!$B$10)*C94 -> 8496.2309 | E94: =IF(A94>Investor!$B$16,0,MIN(C94,Stress!$C$14*B94*Investor!$B$7)) -> 65355.622 | F94: =IF(A94>Investor!$B$16,0,IF(A94=Investor!$B$16,C94-E94,IF(Investor!$B$17=1,(C94-E94)*(1-B94/B93),0))) -> 0 | G94: =C94-E94-F94 -> 0 | H94: =D94+F94 -> 8496.2309
A95: 6 | B95: =IF(A95>Investor!$B$16,0,IF(A95<=Investor!$B$12,Investor!$B$5,Investor!$B$5*(1-Investor!$B$13)^(A95-Investor!$B$12))) -> 0 | C95: =IF(A95>Investor!$B$16,0,G94) -> 0 | D95: =(Investor!$B$11+Investor!$B$10)*C95 -> 0 | E95: =IF(A95>Investor!$B$16,0,MIN(C95,Stress!$C$14*B95*Investor!$B$7)) -> 0 | F95: =IF(A95>Investor!$B$16,0,IF(A95=Investor!$B$16,C95-E95,IF(Investor!$B$17=1,(C95-E95)*(1-B95/B94),0))) -> 0 | G95: =C95-E95-F95 -> 0 | H95: =D95+F95 -> 0
A96: 7 | B96: =IF(A96>Investor!$B$16,0,IF(A96<=Investor!$B$12,Investor!$B$5,Investor!$B$5*(1-Investor!$B$13)^(A96-Investor!$B$12))) -> 0 | C96: =IF(A96>Investor!$B$16,0,G95) -> 0 | D96: =(Investor!$B$11+Investor!$B$10)*C96 -> 0 | E96: =IF(A96>Investor!$B$16,0,MIN(C96,Stress!$C$14*B96*Investor!$B$7)) -> 0 | F96: =IF(A96>Investor!$B$16,0,IF(A96=Investor!$B$16,C96-E96,IF(Investor!$B$17=1,(C96-E96)*(1-B96/B95),0))) -> 0 | G96: =C96-E96-F96 -> 0 | H96: =D96+F96 -> 0
A97: 8 | B97: =IF(A97>Investor!$B$16,0,IF(A97<=Investor!$B$12,Investor!$B$5,Investor!$B$5*(1-Investor!$B$13)^(A97-Investor!$B$12))) -> 0 | C97: =IF(A97>Investor!$B$16,0,G96) -> 0 | D97: =(Investor!$B$11+Investor!$B$10)*C97 -> 0 | E97: =IF(A97>Investor!$B$16,0,MIN(C97,Stress!$C$14*B97*Investor!$B$7)) -> 0 | F97: =IF(A97>Investor!$B$16,0,IF(A97=Investor!$B$16,C97-E97,IF(Investor!$B$17=1,(C97-E97)*(1-B97/B96),0))) -> 0 | G97: =C97-E97-F97 -> 0 | H97: =D97+F97 -> 0
A98: Total | D98: =SUM(D90:D97) -> 84369744 | E98: =SUM(E90:E97) -> 2.6089129e+08 | F98: =SUM(F90:F97) -> 5108713.7 | G98: IRR | H98: =IRR(H89:H97,IF(SUM(H89:H97)>=0,0.1,-0.3)) -> -0.38089474

Sheet Holding period
A1: The fund's return by holding period (Chapter 20)
A2: Same portfolio, same tranche, same margin: one clause of difference, pro rata or sequential amortisation of the protection.
A4: Holding period, years | B4: Pro rata | C4: Sequential
A5: 3 | B5: =H23 -> 0.1039594 | C5: =H37 -> 0.1039594
A6: 5 | B6: =H51 -> 0.1039021 | C6: =H65 -> 0.10488601
A7: 7 | B7: =H79 -> 0.10363984 | C7: =H93 -> 0.10581069
A8: 8 | B8: =H107 -> 0.10349469 | C8: =H121 -> 0.10623935
A10: Two extra years, pro rata | B10: =B7-B6 -> -0.00026226866 | C10: =C7-C6 -> 0.00092468216
A12: 3 years, pro rata
A13: Year | B13: Reference pool | C13: Opening balance | D13: Coupon | E13: Lost to write-down | F13: Principal repaid | G13: Closing balance | H13: Cash flow
A14: 0 | B14: =Investor!$B$5 -> 4000000000 | H14: =-C15 -> -266000000
A15: 1 | B15: =IF(A15>$A$5,0,IF(A15<=Investor!$B$12,Investor!$B$5,Investor!$B$5*(1-Investor!$B$13)^(A15-Investor!$B$12))) -> 4000000000 | C15: =IF(A15>$A$5,0,Investor!$B$6*Investor!$B$5*Investor!$B$7) -> 266000000 | D15: =(Investor!$B$11+Investor!$B$10)*C15 -> 34580000 | E15: =IF(A15>$A$5,0,MIN(C15,Investor!$B$8*Investor!$B$9*B15*Investor!$B$7)) -> 6925072.5 | F15: =IF(A15>$A$5,0,IF(A15=$A$5,C15-E15,IF(1=1,(C15-E15)*(1-B15/B14),0))) -> 0 | G15: =C15-E15-F15 -> 2.5907493e+08 | H15: =D15+F15 -> 34580000
A16: 2 | B16: =IF(A16>$A$5,0,IF(A16<=Investor!$B$12,Investor!$B$5,Investor!$B$5*(1-Investor!$B$13)^(A16-Investor!$B$12))) -> 4000000000 | C16: =IF(A16>$A$5,0,G15) -> 2.5907493e+08 | D16: =(Investor!$B$11+Investor!$B$10)*C16 -> 33679741 | E16: =IF(A16>$A$5,0,MIN(C16,Investor!$B$8*Investor!$B$9*B16*Investor!$B$7)) -> 6925072.5 | F16: =IF(A16>$A$5,0,IF(A16=$A$5,C16-E16,IF(1=1,(C16-E16)*(1-B16/B15),0))) -> 0 | G16: =C16-E16-F16 -> 252149855 | H16: =D16+F16 -> 33679741
A17: 3 | B17: =IF(A17>$A$5,0,IF(A17<=Investor!$B$12,Investor!$B$5,Investor!$B$5*(1-Investor!$B$13)^(A17-Investor!$B$12))) -> 3680000000 | C17: =IF(A17>$A$5,0,G16) -> 252149855 | D17: =(Investor!$B$11+Investor!$B$10)*C17 -> 32779481 | E17: =IF(A17>$A$5,0,MIN(C17,Investor!$B$8*Investor!$B$9*B17*Investor!$B$7)) -> 6371066.7 | F17: =IF(A17>$A$5,0,IF(A17=$A$5,C17-E17,IF(1=1,(C17-E17)*(1-B17/B16),0))) -> 2.4577879e+08 | G17: =C17-E17-F17 -> 0 | H17: =D17+F17 -> 2.7855827e+08
A18: 4 | B18: =IF(A18>$A$5,0,IF(A18<=Investor!$B$12,Investor!$B$5,Investor!$B$5*(1-Investor!$B$13)^(A18-Investor!$B$12))) -> 0 | C18: =IF(A18>$A$5,0,G17) -> 0 | D18: =(Investor!$B$11+Investor!$B$10)*C18 -> 0 | E18: =IF(A18>$A$5,0,MIN(C18,Investor!$B$8*Investor!$B$9*B18*Investor!$B$7)) -> 0 | F18: =IF(A18>$A$5,0,IF(A18=$A$5,C18-E18,IF(1=1,(C18-E18)*(1-B18/B17),0))) -> 0 | G18: =C18-E18-F18 -> 0 | H18: =D18+F18 -> 0
A19: 5 | B19: =IF(A19>$A$5,0,IF(A19<=Investor!$B$12,Investor!$B$5,Investor!$B$5*(1-Investor!$B$13)^(A19-Investor!$B$12))) -> 0 | C19: =IF(A19>$A$5,0,G18) -> 0 | D19: =(Investor!$B$11+Investor!$B$10)*C19 -> 0 | E19: =IF(A19>$A$5,0,MIN(C19,Investor!$B$8*Investor!$B$9*B19*Investor!$B$7)) -> 0 | F19: =IF(A19>$A$5,0,IF(A19=$A$5,C19-E19,IF(1=1,(C19-E19)*(1-B19/B18),0))) -> 0 | G19: =C19-E19-F19 -> 0 | H19: =D19+F19 -> 0
A20: 6 | B20: =IF(A20>$A$5,0,IF(A20<=Investor!$B$12,Investor!$B$5,Investor!$B$5*(1-Investor!$B$13)^(A20-Investor!$B$12))) -> 0 | C20: =IF(A20>$A$5,0,G19) -> 0 | D20: =(Investor!$B$11+Investor!$B$10)*C20 -> 0 | E20: =IF(A20>$A$5,0,MIN(C20,Investor!$B$8*Investor!$B$9*B20*Investor!$B$7)) -> 0 | F20: =IF(A20>$A$5,0,IF(A20=$A$5,C20-E20,IF(1=1,(C20-E20)*(1-B20/B19),0))) -> 0 | G20: =C20-E20-F20 -> 0 | H20: =D20+F20 -> 0
A21: 7 | B21: =IF(A21>$A$5,0,IF(A21<=Investor!$B$12,Investor!$B$5,Investor!$B$5*(1-Investor!$B$13)^(A21-Investor!$B$12))) -> 0 | C21: =IF(A21>$A$5,0,G20) -> 0 | D21: =(Investor!$B$11+Investor!$B$10)*C21 -> 0 | E21: =IF(A21>$A$5,0,MIN(C21,Investor!$B$8*Investor!$B$9*B21*Investor!$B$7)) -> 0 | F21: =IF(A21>$A$5,0,IF(A21=$A$5,C21-E21,IF(1=1,(C21-E21)*(1-B21/B20),0))) -> 0 | G21: =C21-E21-F21 -> 0 | H21: =D21+F21 -> 0
A22: 8 | B22: =IF(A22>$A$5,0,IF(A22<=Investor!$B$12,Investor!$B$5,Investor!$B$5*(1-Investor!$B$13)^(A22-Investor!$B$12))) -> 0 | C22: =IF(A22>$A$5,0,G21) -> 0 | D22: =(Investor!$B$11+Investor!$B$10)*C22 -> 0 | E22: =IF(A22>$A$5,0,MIN(C22,Investor!$B$8*Investor!$B$9*B22*Investor!$B$7)) -> 0 | F22: =IF(A22>$A$5,0,IF(A22=$A$5,C22-E22,IF(1=1,(C22-E22)*(1-B22/B21),0))) -> 0 | G22: =C22-E22-F22 -> 0 | H22: =D22+F22 -> 0
A23: Total | D23: =SUM(D15:D22) -> 1.0103922e+08 | E23: =SUM(E15:E22) -> 20221212 | F23: =SUM(F15:F22) -> 2.4577879e+08 | G23: IRR | H23: =IRR(H14:H22,IF(SUM(H14:H22)>=0,0.1,-0.3)) -> 0.1039594
A26: 3 years, sequential
A27: Year | B27: Reference pool | C27: Opening balance | D27: Coupon | E27: Lost to write-down | F27: Principal repaid | G27: Closing balance | H27: Cash flow
A28: 0 | B28: =Investor!$B$5 -> 4000000000 | H28: =-C29 -> -266000000
A29: 1 | B29: =IF(A29>$A$5,0,IF(A29<=Investor!$B$12,Investor!$B$5,Investor!$B$5*(1-Investor!$B$13)^(A29-Investor!$B$12))) -> 4000000000 | C29: =IF(A29>$A$5,0,Investor!$B$6*Investor!$B$5*Investor!$B$7) -> 266000000 | D29: =(Investor!$B$11+Investor!$B$10)*C29 -> 34580000 | E29: =IF(A29>$A$5,0,MIN(C29,Investor!$B$8*Investor!$B$9*B29*Investor!$B$7)) -> 6925072.5 | F29: =IF(A29>$A$5,0,IF(A29=$A$5,C29-E29,IF(0=1,(C29-E29)*(1-B29/B28),0))) -> 0 | G29: =C29-E29-F29 -> 2.5907493e+08 | H29: =D29+F29 -> 34580000
A30: 2 | B30: =IF(A30>$A$5,0,IF(A30<=Investor!$B$12,Investor!$B$5,Investor!$B$5*(1-Investor!$B$13)^(A30-Investor!$B$12))) -> 4000000000 | C30: =IF(A30>$A$5,0,G29) -> 2.5907493e+08 | D30: =(Investor!$B$11+Investor!$B$10)*C30 -> 33679741 | E30: =IF(A30>$A$5,0,MIN(C30,Investor!$B$8*Investor!$B$9*B30*Investor!$B$7)) -> 6925072.5 | F30: =IF(A30>$A$5,0,IF(A30=$A$5,C30-E30,IF(0=1,(C30-E30)*(1-B30/B29),0))) -> 0 | G30: =C30-E30-F30 -> 252149855 | H30: =D30+F30 -> 33679741
A31: 3 | B31: =IF(A31>$A$5,0,IF(A31<=Investor!$B$12,Investor!$B$5,Investor!$B$5*(1-Investor!$B$13)^(A31-Investor!$B$12))) -> 3680000000 | C31: =IF(A31>$A$5,0,G30) -> 252149855 | D31: =(Investor!$B$11+Investor!$B$10)*C31 -> 32779481 | E31: =IF(A31>$A$5,0,MIN(C31,Investor!$B$8*Investor!$B$9*B31*Investor!$B$7)) -> 6371066.7 | F31: =IF(A31>$A$5,0,IF(A31=$A$5,C31-E31,IF(0=1,(C31-E31)*(1-B31/B30),0))) -> 2.4577879e+08 | G31: =C31-E31-F31 -> 0 | H31: =D31+F31 -> 2.7855827e+08
A32: 4 | B32: =IF(A32>$A$5,0,IF(A32<=Investor!$B$12,Investor!$B$5,Investor!$B$5*(1-Investor!$B$13)^(A32-Investor!$B$12))) -> 0 | C32: =IF(A32>$A$5,0,G31) -> 0 | D32: =(Investor!$B$11+Investor!$B$10)*C32 -> 0 | E32: =IF(A32>$A$5,0,MIN(C32,Investor!$B$8*Investor!$B$9*B32*Investor!$B$7)) -> 0 | F32: =IF(A32>$A$5,0,IF(A32=$A$5,C32-E32,IF(0=1,(C32-E32)*(1-B32/B31),0))) -> 0 | G32: =C32-E32-F32 -> 0 | H32: =D32+F32 -> 0
A33: 5 | B33: =IF(A33>$A$5,0,IF(A33<=Investor!$B$12,Investor!$B$5,Investor!$B$5*(1-Investor!$B$13)^(A33-Investor!$B$12))) -> 0 | C33: =IF(A33>$A$5,0,G32) -> 0 | D33: =(Investor!$B$11+Investor!$B$10)*C33 -> 0 | E33: =IF(A33>$A$5,0,MIN(C33,Investor!$B$8*Investor!$B$9*B33*Investor!$B$7)) -> 0 | F33: =IF(A33>$A$5,0,IF(A33=$A$5,C33-E33,IF(0=1,(C33-E33)*(1-B33/B32),0))) -> 0 | G33: =C33-E33-F33 -> 0 | H33: =D33+F33 -> 0
A34: 6 | B34: =IF(A34>$A$5,0,IF(A34<=Investor!$B$12,Investor!$B$5,Investor!$B$5*(1-Investor!$B$13)^(A34-Investor!$B$12))) -> 0 | C34: =IF(A34>$A$5,0,G33) -> 0 | D34: =(Investor!$B$11+Investor!$B$10)*C34 -> 0 | E34: =IF(A34>$A$5,0,MIN(C34,Investor!$B$8*Investor!$B$9*B34*Investor!$B$7)) -> 0 | F34: =IF(A34>$A$5,0,IF(A34=$A$5,C34-E34,IF(0=1,(C34-E34)*(1-B34/B33),0))) -> 0 | G34: =C34-E34-F34 -> 0 | H34: =D34+F34 -> 0
A35: 7 | B35: =IF(A35>$A$5,0,IF(A35<=Investor!$B$12,Investor!$B$5,Investor!$B$5*(1-Investor!$B$13)^(A35-Investor!$B$12))) -> 0 | C35: =IF(A35>$A$5,0,G34) -> 0 | D35: =(Investor!$B$11+Investor!$B$10)*C35 -> 0 | E35: =IF(A35>$A$5,0,MIN(C35,Investor!$B$8*Investor!$B$9*B35*Investor!$B$7)) -> 0 | F35: =IF(A35>$A$5,0,IF(A35=$A$5,C35-E35,IF(0=1,(C35-E35)*(1-B35/B34),0))) -> 0 | G35: =C35-E35-F35 -> 0 | H35: =D35+F35 -> 0
A36: 8 | B36: =IF(A36>$A$5,0,IF(A36<=Investor!$B$12,Investor!$B$5,Investor!$B$5*(1-Investor!$B$13)^(A36-Investor!$B$12))) -> 0 | C36: =IF(A36>$A$5,0,G35) -> 0 | D36: =(Investor!$B$11+Investor!$B$10)*C36 -> 0 | E36: =IF(A36>$A$5,0,MIN(C36,Investor!$B$8*Investor!$B$9*B36*Investor!$B$7)) -> 0 | F36: =IF(A36>$A$5,0,IF(A36=$A$5,C36-E36,IF(0=1,(C36-E36)*(1-B36/B35),0))) -> 0 | G36: =C36-E36-F36 -> 0 | H36: =D36+F36 -> 0
A37: Total | D37: =SUM(D29:D36) -> 1.0103922e+08 | E37: =SUM(E29:E36) -> 20221212 | F37: =SUM(F29:F36) -> 2.4577879e+08 | G37: IRR | H37: =IRR(H28:H36,IF(SUM(H28:H36)>=0,0.1,-0.3)) -> 0.1039594
A40: 5 years, pro rata
A41: Year | B41: Reference pool | C41: Opening balance | D41: Coupon | E41: Lost to write-down | F41: Principal repaid | G41: Closing balance | H41: Cash flow
A42: 0 | B42: =Investor!$B$5 -> 4000000000 | H42: =-C43 -> -266000000
A43: 1 | B43: =IF(A43>$A$6,0,IF(A43<=Investor!$B$12,Investor!$B$5,Investor!$B$5*(1-Investor!$B$13)^(A43-Investor!$B$12))) -> 4000000000 | C43: =IF(A43>$A$6,0,Investor!$B$6*Investor!$B$5*Investor!$B$7) -> 266000000 | D43: =(Investor!$B$11+Investor!$B$10)*C43 -> 34580000 | E43: =IF(A43>$A$6,0,MIN(C43,Investor!$B$8*Investor!$B$9*B43*Investor!$B$7)) -> 6925072.5 | F43: =IF(A43>$A$6,0,IF(A43=$A$6,C43-E43,IF(1=1,(C43-E43)*(1-B43/B42),0))) -> 0 | G43: =C43-E43-F43 -> 2.5907493e+08 | H43: =D43+F43 -> 34580000
A44: 2 | B44: =IF(A44>$A$6,0,IF(A44<=Investor!$B$12,Investor!$B$5,Investor!$B$5*(1-Investor!$B$13)^(A44-Investor!$B$12))) -> 4000000000 | C44: =IF(A44>$A$6,0,G43) -> 2.5907493e+08 | D44: =(Investor!$B$11+Investor!$B$10)*C44 -> 33679741 | E44: =IF(A44>$A$6,0,MIN(C44,Investor!$B$8*Investor!$B$9*B44*Investor!$B$7)) -> 6925072.5 | F44: =IF(A44>$A$6,0,IF(A44=$A$6,C44-E44,IF(1=1,(C44-E44)*(1-B44/B43),0))) -> 0 | G44: =C44-E44-F44 -> 252149855 | H44: =D44+F44 -> 33679741
A45: 3 | B45: =IF(A45>$A$6,0,IF(A45<=Investor!$B$12,Investor!$B$5,Investor!$B$5*(1-Investor!$B$13)^(A45-Investor!$B$12))) -> 3680000000 | C45: =IF(A45>$A$6,0,G44) -> 252149855 | D45: =(Investor!$B$11+Investor!$B$10)*C45 -> 32779481 | E45: =IF(A45>$A$6,0,MIN(C45,Investor!$B$8*Investor!$B$9*B45*Investor!$B$7)) -> 6371066.7 | F45: =IF(A45>$A$6,0,IF(A45=$A$6,C45-E45,IF(1=1,(C45-E45)*(1-B45/B44),0))) -> 19662303 | G45: =C45-E45-F45 -> 2.2611649e+08 | H45: =D45+F45 -> 52441784
A46: 4 | B46: =IF(A46>$A$6,0,IF(A46<=Investor!$B$12,Investor!$B$5,Investor!$B$5*(1-Investor!$B$13)^(A46-Investor!$B$12))) -> 3385600000 | C46: =IF(A46>$A$6,0,G45) -> 2.2611649e+08 | D46: =(Investor!$B$11+Investor!$B$10)*C46 -> 29395143 | E46: =IF(A46>$A$6,0,MIN(C46,Investor!$B$8*Investor!$B$9*B46*Investor!$B$7)) -> 5861381.4 | F46: =IF(A46>$A$6,0,IF(A46=$A$6,C46-E46,IF(1=1,(C46-E46)*(1-B46/B45),0))) -> 17620408 | G46: =C46-E46-F46 -> 2.026347e+08 | H46: =D46+F46 -> 47015551
A47: 5 | B47: =IF(A47>$A$6,0,IF(A47<=Investor!$B$12,Investor!$B$5,Investor!$B$5*(1-Investor!$B$13)^(A47-Investor!$B$12))) -> 3114752000 | C47: =IF(A47>$A$6,0,G46) -> 2.026347e+08 | D47: =(Investor!$B$11+Investor!$B$10)*C47 -> 26342510 | E47: =IF(A47>$A$6,0,MIN(C47,Investor!$B$8*Investor!$B$9*B47*Investor!$B$7)) -> 5392470.9 | F47: =IF(A47>$A$6,0,IF(A47=$A$6,C47-E47,IF(1=1,(C47-E47)*(1-B47/B46),0))) -> 1.9724222e+08 | G47: =C47-E47-F47 -> 0 | H47: =D47+F47 -> 2.2358474e+08
A48: 6 | B48: =IF(A48>$A$6,0,IF(A48<=Investor!$B$12,Investor!$B$5,Investor!$B$5*(1-Investor!$B$13)^(A48-Investor!$B$12))) -> 0 | C48: =IF(A48>$A$6,0,G47) -> 0 | D48: =(Investor!$B$11+Investor!$B$10)*C48 -> 0 | E48: =IF(A48>$A$6,0,MIN(C48,Investor!$B$8*Investor!$B$9*B48*Investor!$B$7)) -> 0 | F48: =IF(A48>$A$6,0,IF(A48=$A$6,C48-E48,IF(1=1,(C48-E48)*(1-B48/B47),0))) -> 0 | G48: =C48-E48-F48 -> 0 | H48: =D48+F48 -> 0
A49: 7 | B49: =IF(A49>$A$6,0,IF(A49<=Investor!$B$12,Investor!$B$5,Investor!$B$5*(1-Investor!$B$13)^(A49-Investor!$B$12))) -> 0 | C49: =IF(A49>$A$6,0,G48) -> 0 | D49: =(Investor!$B$11+Investor!$B$10)*C49 -> 0 | E49: =IF(A49>$A$6,0,MIN(C49,Investor!$B$8*Investor!$B$9*B49*Investor!$B$7)) -> 0 | F49: =IF(A49>$A$6,0,IF(A49=$A$6,C49-E49,IF(1=1,(C49-E49)*(1-B49/B48),0))) -> 0 | G49: =C49-E49-F49 -> 0 | H49: =D49+F49 -> 0
A50: 8 | B50: =IF(A50>$A$6,0,IF(A50<=Investor!$B$12,Investor!$B$5,Investor!$B$5*(1-Investor!$B$13)^(A50-Investor!$B$12))) -> 0 | C50: =IF(A50>$A$6,0,G49) -> 0 | D50: =(Investor!$B$11+Investor!$B$10)*C50 -> 0 | E50: =IF(A50>$A$6,0,MIN(C50,Investor!$B$8*Investor!$B$9*B50*Investor!$B$7)) -> 0 | F50: =IF(A50>$A$6,0,IF(A50=$A$6,C50-E50,IF(1=1,(C50-E50)*(1-B50/B49),0))) -> 0 | G50: =C50-E50-F50 -> 0 | H50: =D50+F50 -> 0
A51: Total | D51: =SUM(D43:D50) -> 1.5677688e+08 | E51: =SUM(E43:E50) -> 31475064 | F51: =SUM(F43:F50) -> 2.3452494e+08 | G51: IRR | H51: =IRR(H42:H50,IF(SUM(H42:H50)>=0,0.1,-0.3)) -> 0.1039021
A54: 5 years, sequential
A55: Year | B55: Reference pool | C55: Opening balance | D55: Coupon | E55: Lost to write-down | F55: Principal repaid | G55: Closing balance | H55: Cash flow
A56: 0 | B56: =Investor!$B$5 -> 4000000000 | H56: =-C57 -> -266000000
A57: 1 | B57: =IF(A57>$A$6,0,IF(A57<=Investor!$B$12,Investor!$B$5,Investor!$B$5*(1-Investor!$B$13)^(A57-Investor!$B$12))) -> 4000000000 | C57: =IF(A57>$A$6,0,Investor!$B$6*Investor!$B$5*Investor!$B$7) -> 266000000 | D57: =(Investor!$B$11+Investor!$B$10)*C57 -> 34580000 | E57: =IF(A57>$A$6,0,MIN(C57,Investor!$B$8*Investor!$B$9*B57*Investor!$B$7)) -> 6925072.5 | F57: =IF(A57>$A$6,0,IF(A57=$A$6,C57-E57,IF(0=1,(C57-E57)*(1-B57/B56),0))) -> 0 | G57: =C57-E57-F57 -> 2.5907493e+08 | H57: =D57+F57 -> 34580000
A58: 2 | B58: =IF(A58>$A$6,0,IF(A58<=Investor!$B$12,Investor!$B$5,Investor!$B$5*(1-Investor!$B$13)^(A58-Investor!$B$12))) -> 4000000000 | C58: =IF(A58>$A$6,0,G57) -> 2.5907493e+08 | D58: =(Investor!$B$11+Investor!$B$10)*C58 -> 33679741 | E58: =IF(A58>$A$6,0,MIN(C58,Investor!$B$8*Investor!$B$9*B58*Investor!$B$7)) -> 6925072.5 | F58: =IF(A58>$A$6,0,IF(A58=$A$6,C58-E58,IF(0=1,(C58-E58)*(1-B58/B57),0))) -> 0 | G58: =C58-E58-F58 -> 252149855 | H58: =D58+F58 -> 33679741
A59: 3 | B59: =IF(A59>$A$6,0,IF(A59<=Investor!$B$12,Investor!$B$5,Investor!$B$5*(1-Investor!$B$13)^(A59-Investor!$B$12))) -> 3680000000 | C59: =IF(A59>$A$6,0,G58) -> 252149855 | D59: =(Investor!$B$11+Investor!$B$10)*C59 -> 32779481 | E59: =IF(A59>$A$6,0,MIN(C59,Investor!$B$8*Investor!$B$9*B59*Investor!$B$7)) -> 6371066.7 | F59: =IF(A59>$A$6,0,IF(A59=$A$6,C59-E59,IF(0=1,(C59-E59)*(1-B59/B58),0))) -> 0 | G59: =C59-E59-F59 -> 2.4577879e+08 | H59: =D59+F59 -> 32779481
A60: 4 | B60: =IF(A60>$A$6,0,IF(A60<=Investor!$B$12,Investor!$B$5,Investor!$B$5*(1-Investor!$B$13)^(A60-Investor!$B$12))) -> 3385600000 | C60: =IF(A60>$A$6,0,G59) -> 2.4577879e+08 | D60: =(Investor!$B$11+Investor!$B$10)*C60 -> 31951242 | E60: =IF(A60>$A$6,0,MIN(C60,Investor!$B$8*Investor!$B$9*B60*Investor!$B$7)) -> 5861381.4 | F60: =IF(A60>$A$6,0,IF(A60=$A$6,C60-E60,IF(0=1,(C60-E60)*(1-B60/B59),0))) -> 0 | G60: =C60-E60-F60 -> 2.3991741e+08 | H60: =D60+F60 -> 31951242
A61: 5 | B61: =IF(A61>$A$6,0,IF(A61<=Investor!$B$12,Investor!$B$5,Investor!$B$5*(1-Investor!$B$13)^(A61-Investor!$B$12))) -> 3114752000 | C61: =IF(A61>$A$6,0,G60) -> 2.3991741e+08 | D61: =(Investor!$B$11+Investor!$B$10)*C61 -> 31189263 | E61: =IF(A61>$A$6,0,MIN(C61,Investor!$B$8*Investor!$B$9*B61*Investor!$B$7)) -> 5392470.9 | F61: =IF(A61>$A$6,0,IF(A61=$A$6,C61-E61,IF(0=1,(C61-E61)*(1-B61/B60),0))) -> 2.3452494e+08 | G61: =C61-E61-F61 -> 0 | H61: =D61+F61 -> 2.657142e+08
A62: 6 | B62: =IF(A62>$A$6,0,IF(A62<=Investor!$B$12,Investor!$B$5,Investor!$B$5*(1-Investor!$B$13)^(A62-Investor!$B$12))) -> 0 | C62: =IF(A62>$A$6,0,G61) -> 0 | D62: =(Investor!$B$11+Investor!$B$10)*C62 -> 0 | E62: =IF(A62>$A$6,0,MIN(C62,Investor!$B$8*Investor!$B$9*B62*Investor!$B$7)) -> 0 | F62: =IF(A62>$A$6,0,IF(A62=$A$6,C62-E62,IF(0=1,(C62-E62)*(1-B62/B61),0))) -> 0 | G62: =C62-E62-F62 -> 0 | H62: =D62+F62 -> 0
A63: 7 | B63: =IF(A63>$A$6,0,IF(A63<=Investor!$B$12,Investor!$B$5,Investor!$B$5*(1-Investor!$B$13)^(A63-Investor!$B$12))) -> 0 | C63: =IF(A63>$A$6,0,G62) -> 0 | D63: =(Investor!$B$11+Investor!$B$10)*C63 -> 0 | E63: =IF(A63>$A$6,0,MIN(C63,Investor!$B$8*Investor!$B$9*B63*Investor!$B$7)) -> 0 | F63: =IF(A63>$A$6,0,IF(A63=$A$6,C63-E63,IF(0=1,(C63-E63)*(1-B63/B62),0))) -> 0 | G63: =C63-E63-F63 -> 0 | H63: =D63+F63 -> 0
A64: 8 | B64: =IF(A64>$A$6,0,IF(A64<=Investor!$B$12,Investor!$B$5,Investor!$B$5*(1-Investor!$B$13)^(A64-Investor!$B$12))) -> 0 | C64: =IF(A64>$A$6,0,G63) -> 0 | D64: =(Investor!$B$11+Investor!$B$10)*C64 -> 0 | E64: =IF(A64>$A$6,0,MIN(C64,Investor!$B$8*Investor!$B$9*B64*Investor!$B$7)) -> 0 | F64: =IF(A64>$A$6,0,IF(A64=$A$6,C64-E64,IF(0=1,(C64-E64)*(1-B64/B63),0))) -> 0 | G64: =C64-E64-F64 -> 0 | H64: =D64+F64 -> 0
A65: Total | D65: =SUM(D57:D64) -> 1.6417973e+08 | E65: =SUM(E57:E64) -> 31475064 | F65: =SUM(F57:F64) -> 2.3452494e+08 | G65: IRR | H65: =IRR(H56:H64,IF(SUM(H56:H64)>=0,0.1,-0.3)) -> 0.10488601
A68: 7 years, pro rata
A69: Year | B69: Reference pool | C69: Opening balance | D69: Coupon | E69: Lost to write-down | F69: Principal repaid | G69: Closing balance | H69: Cash flow
A70: 0 | B70: =Investor!$B$5 -> 4000000000 | H70: =-C71 -> -266000000
A71: 1 | B71: =IF(A71>$A$7,0,IF(A71<=Investor!$B$12,Investor!$B$5,Investor!$B$5*(1-Investor!$B$13)^(A71-Investor!$B$12))) -> 4000000000 | C71: =IF(A71>$A$7,0,Investor!$B$6*Investor!$B$5*Investor!$B$7) -> 266000000 | D71: =(Investor!$B$11+Investor!$B$10)*C71 -> 34580000 | E71: =IF(A71>$A$7,0,MIN(C71,Investor!$B$8*Investor!$B$9*B71*Investor!$B$7)) -> 6925072.5 | F71: =IF(A71>$A$7,0,IF(A71=$A$7,C71-E71,IF(1=1,(C71-E71)*(1-B71/B70),0))) -> 0 | G71: =C71-E71-F71 -> 2.5907493e+08 | H71: =D71+F71 -> 34580000
A72: 2 | B72: =IF(A72>$A$7,0,IF(A72<=Investor!$B$12,Investor!$B$5,Investor!$B$5*(1-Investor!$B$13)^(A72-Investor!$B$12))) -> 4000000000 | C72: =IF(A72>$A$7,0,G71) -> 2.5907493e+08 | D72: =(Investor!$B$11+Investor!$B$10)*C72 -> 33679741 | E72: =IF(A72>$A$7,0,MIN(C72,Investor!$B$8*Investor!$B$9*B72*Investor!$B$7)) -> 6925072.5 | F72: =IF(A72>$A$7,0,IF(A72=$A$7,C72-E72,IF(1=1,(C72-E72)*(1-B72/B71),0))) -> 0 | G72: =C72-E72-F72 -> 252149855 | H72: =D72+F72 -> 33679741
A73: 3 | B73: =IF(A73>$A$7,0,IF(A73<=Investor!$B$12,Investor!$B$5,Investor!$B$5*(1-Investor!$B$13)^(A73-Investor!$B$12))) -> 3680000000 | C73: =IF(A73>$A$7,0,G72) -> 252149855 | D73: =(Investor!$B$11+Investor!$B$10)*C73 -> 32779481 | E73: =IF(A73>$A$7,0,MIN(C73,Investor!$B$8*Investor!$B$9*B73*Investor!$B$7)) -> 6371066.7 | F73: =IF(A73>$A$7,0,IF(A73=$A$7,C73-E73,IF(1=1,(C73-E73)*(1-B73/B72),0))) -> 19662303 | G73: =C73-E73-F73 -> 2.2611649e+08 | H73: =D73+F73 -> 52441784
A74: 4 | B74: =IF(A74>$A$7,0,IF(A74<=Investor!$B$12,Investor!$B$5,Investor!$B$5*(1-Investor!$B$13)^(A74-Investor!$B$12))) -> 3385600000 | C74: =IF(A74>$A$7,0,G73) -> 2.2611649e+08 | D74: =(Investor!$B$11+Investor!$B$10)*C74 -> 29395143 | E74: =IF(A74>$A$7,0,MIN(C74,Investor!$B$8*Investor!$B$9*B74*Investor!$B$7)) -> 5861381.4 | F74: =IF(A74>$A$7,0,IF(A74=$A$7,C74-E74,IF(1=1,(C74-E74)*(1-B74/B73),0))) -> 17620408 | G74: =C74-E74-F74 -> 2.026347e+08 | H74: =D74+F74 -> 47015551
A75: 5 | B75: =IF(A75>$A$7,0,IF(A75<=Investor!$B$12,Investor!$B$5,Investor!$B$5*(1-Investor!$B$13)^(A75-Investor!$B$12))) -> 3114752000 | C75: =IF(A75>$A$7,0,G74) -> 2.026347e+08 | D75: =(Investor!$B$11+Investor!$B$10)*C75 -> 26342510 | E75: =IF(A75>$A$7,0,MIN(C75,Investor!$B$8*Investor!$B$9*B75*Investor!$B$7)) -> 5392470.9 | F75: =IF(A75>$A$7,0,IF(A75=$A$7,C75-E75,IF(1=1,(C75-E75)*(1-B75/B74),0))) -> 15779378 | G75: =C75-E75-F75 -> 1.8146285e+08 | H75: =D75+F75 -> 42121888
A76: 6 | B76: =IF(A76>$A$7,0,IF(A76<=Investor!$B$12,Investor!$B$5,Investor!$B$5*(1-Investor!$B$13)^(A76-Investor!$B$12))) -> 2865571840 | C76: =IF(A76>$A$7,0,G75) -> 1.8146285e+08 | D76: =(Investor!$B$11+Investor!$B$10)*C76 -> 23590170 | E76: =IF(A76>$A$7,0,MIN(C76,Investor!$B$8*Investor!$B$9*B76*Investor!$B$7)) -> 4961073.2 | F76: =IF(A76>$A$7,0,IF(A76=$A$7,C76-E76,IF(1=1,(C76-E76)*(1-B76/B75),0))) -> 14120142 | G76: =C76-E76-F76 -> 1.6238163e+08 | H76: =D76+F76 -> 37710312
A77: 7 | B77: =IF(A77>$A$7,0,IF(A77<=Investor!$B$12,Investor!$B$5,Investor!$B$5*(1-Investor!$B$13)^(A77-Investor!$B$12))) -> 2.6363261e+09 | C77: =IF(A77>$A$7,0,G76) -> 1.6238163e+08 | D77: =(Investor!$B$11+Investor!$B$10)*C77 -> 21109612 | E77: =IF(A77>$A$7,0,MIN(C77,Investor!$B$8*Investor!$B$9*B77*Investor!$B$7)) -> 4564187.3 | F77: =IF(A77>$A$7,0,IF(A77=$A$7,C77-E77,IF(1=1,(C77-E77)*(1-B77/B76),0))) -> 1.5781744e+08 | G77: =C77-E77-F77 -> 0 | H77: =D77+F77 -> 1.7892706e+08
A78: 8 | B78: =IF(A78>$A$7,0,IF(A78<=Investor!$B$12,Investor!$B$5,Investor!$B$5*(1-Investor!$B$13)^(A78-Investor!$B$12))) -> 0 | C78: =IF(A78>$A$7,0,G77) -> 0 | D78: =(Investor!$B$11+Investor!$B$10)*C78 -> 0 | E78: =IF(A78>$A$7,0,MIN(C78,Investor!$B$8*Investor!$B$9*B78*Investor!$B$7)) -> 0 | F78: =IF(A78>$A$7,0,IF(A78=$A$7,C78-E78,IF(1=1,(C78-E78)*(1-B78/B77),0))) -> 0 | G78: =C78-E78-F78 -> 0 | H78: =D78+F78 -> 0
A79: Total | D79: =SUM(D71:D78) -> 2.0147666e+08 | E79: =SUM(E71:E78) -> 41000324 | F79: =SUM(F71:F78) -> 2.2499968e+08 | G79: IRR | H79: =IRR(H70:H78,IF(SUM(H70:H78)>=0,0.1,-0.3)) -> 0.10363984
A82: 7 years, sequential
A83: Year | B83: Reference pool | C83: Opening balance | D83: Coupon | E83: Lost to write-down | F83: Principal repaid | G83: Closing balance | H83: Cash flow
A84: 0 | B84: =Investor!$B$5 -> 4000000000 | H84: =-C85 -> -266000000
A85: 1 | B85: =IF(A85>$A$7,0,IF(A85<=Investor!$B$12,Investor!$B$5,Investor!$B$5*(1-Investor!$B$13)^(A85-Investor!$B$12))) -> 4000000000 | C85: =IF(A85>$A$7,0,Investor!$B$6*Investor!$B$5*Investor!$B$7) -> 266000000 | D85: =(Investor!$B$11+Investor!$B$10)*C85 -> 34580000 | E85: =IF(A85>$A$7,0,MIN(C85,Investor!$B$8*Investor!$B$9*B85*Investor!$B$7)) -> 6925072.5 | F85: =IF(A85>$A$7,0,IF(A85=$A$7,C85-E85,IF(0=1,(C85-E85)*(1-B85/B84),0))) -> 0 | G85: =C85-E85-F85 -> 2.5907493e+08 | H85: =D85+F85 -> 34580000
A86: 2 | B86: =IF(A86>$A$7,0,IF(A86<=Investor!$B$12,Investor!$B$5,Investor!$B$5*(1-Investor!$B$13)^(A86-Investor!$B$12))) -> 4000000000 | C86: =IF(A86>$A$7,0,G85) -> 2.5907493e+08 | D86: =(Investor!$B$11+Investor!$B$10)*C86 -> 33679741 | E86: =IF(A86>$A$7,0,MIN(C86,Investor!$B$8*Investor!$B$9*B86*Investor!$B$7)) -> 6925072.5 | F86: =IF(A86>$A$7,0,IF(A86=$A$7,C86-E86,IF(0=1,(C86-E86)*(1-B86/B85),0))) -> 0 | G86: =C86-E86-F86 -> 252149855 | H86: =D86+F86 -> 33679741
A87: 3 | B87: =IF(A87>$A$7,0,IF(A87<=Investor!$B$12,Investor!$B$5,Investor!$B$5*(1-Investor!$B$13)^(A87-Investor!$B$12))) -> 3680000000 | C87: =IF(A87>$A$7,0,G86) -> 252149855 | D87: =(Investor!$B$11+Investor!$B$10)*C87 -> 32779481 | E87: =IF(A87>$A$7,0,MIN(C87,Investor!$B$8*Investor!$B$9*B87*Investor!$B$7)) -> 6371066.7 | F87: =IF(A87>$A$7,0,IF(A87=$A$7,C87-E87,IF(0=1,(C87-E87)*(1-B87/B86),0))) -> 0 | G87: =C87-E87-F87 -> 2.4577879e+08 | H87: =D87+F87 -> 32779481
A88: 4 | B88: =IF(A88>$A$7,0,IF(A88<=Investor!$B$12,Investor!$B$5,Investor!$B$5*(1-Investor!$B$13)^(A88-Investor!$B$12))) -> 3385600000 | C88: =IF(A88>$A$7,0,G87) -> 2.4577879e+08 | D88: =(Investor!$B$11+Investor!$B$10)*C88 -> 31951242 | E88: =IF(A88>$A$7,0,MIN(C88,Investor!$B$8*Investor!$B$9*B88*Investor!$B$7)) -> 5861381.4 | F88: =IF(A88>$A$7,0,IF(A88=$A$7,C88-E88,IF(0=1,(C88-E88)*(1-B88/B87),0))) -> 0 | G88: =C88-E88-F88 -> 2.3991741e+08 | H88: =D88+F88 -> 31951242
A89: 5 | B89: =IF(A89>$A$7,0,IF(A89<=Investor!$B$12,Investor!$B$5,Investor!$B$5*(1-Investor!$B$13)^(A89-Investor!$B$12))) -> 3114752000 | C89: =IF(A89>$A$7,0,G88) -> 2.3991741e+08 | D89: =(Investor!$B$11+Investor!$B$10)*C89 -> 31189263 | E89: =IF(A89>$A$7,0,MIN(C89,Investor!$B$8*Investor!$B$9*B89*Investor!$B$7)) -> 5392470.9 | F89: =IF(A89>$A$7,0,IF(A89=$A$7,C89-E89,IF(0=1,(C89-E89)*(1-B89/B88),0))) -> 0 | G89: =C89-E89-F89 -> 2.3452494e+08 | H89: =D89+F89 -> 31189263
A90: 6 | B90: =IF(A90>$A$7,0,IF(A90<=Investor!$B$12,Investor!$B$5,Investor!$B$5*(1-Investor!$B$13)^(A90-Investor!$B$12))) -> 2865571840 | C90: =IF(A90>$A$7,0,G89) -> 2.3452494e+08 | D90: =(Investor!$B$11+Investor!$B$10)*C90 -> 30488242 | E90: =IF(A90>$A$7,0,MIN(C90,Investor!$B$8*Investor!$B$9*B90*Investor!$B$7)) -> 4961073.2 | F90: =IF(A90>$A$7,0,IF(A90=$A$7,C90-E90,IF(0=1,(C90-E90)*(1-B90/B89),0))) -> 0 | G90: =C90-E90-F90 -> 2.2956386e+08 | H90: =D90+F90 -> 30488242
A91: 7 | B91: =IF(A91>$A$7,0,IF(A91<=Investor!$B$12,Investor!$B$5,Investor!$B$5*(1-Investor!$B$13)^(A91-Investor!$B$12))) -> 2.6363261e+09 | C91: =IF(A91>$A$7,0,G90) -> 2.2956386e+08 | D91: =(Investor!$B$11+Investor!$B$10)*C91 -> 29843302 | E91: =IF(A91>$A$7,0,MIN(C91,Investor!$B$8*Investor!$B$9*B91*Investor!$B$7)) -> 4564187.3 | F91: =IF(A91>$A$7,0,IF(A91=$A$7,C91-E91,IF(0=1,(C91-E91)*(1-B91/B90),0))) -> 2.2499968e+08 | G91: =C91-E91-F91 -> 0 | H91: =D91+F91 -> 2.5484298e+08
A92: 8 | B92: =IF(A92>$A$7,0,IF(A92<=Investor!$B$12,Investor!$B$5,Investor!$B$5*(1-Investor!$B$13)^(A92-Investor!$B$12))) -> 0 | C92: =IF(A92>$A$7,0,G91) -> 0 | D92: =(Investor!$B$11+Investor!$B$10)*C92 -> 0 | E92: =IF(A92>$A$7,0,MIN(C92,Investor!$B$8*Investor!$B$9*B92*Investor!$B$7)) -> 0 | F92: =IF(A92>$A$7,0,IF(A92=$A$7,C92-E92,IF(0=1,(C92-E92)*(1-B92/B91),0))) -> 0 | G92: =C92-E92-F92 -> 0 | H92: =D92+F92 -> 0
A93: Total | D93: =SUM(D85:D92) -> 2.2451127e+08 | E93: =SUM(E85:E92) -> 41000324 | F93: =SUM(F85:F92) -> 2.2499968e+08 | G93: IRR | H93: =IRR(H84:H92,IF(SUM(H84:H92)>=0,0.1,-0.3)) -> 0.10581069
A96: 8 years, pro rata
A97: Year | B97: Reference pool | C97: Opening balance | D97: Coupon | E97: Lost to write-down | F97: Principal repaid | G97: Closing balance | H97: Cash flow
A98: 0 | B98: =Investor!$B$5 -> 4000000000 | H98: =-C99 -> -266000000
A99: 1 | B99: =IF(A99>$A$8,0,IF(A99<=Investor!$B$12,Investor!$B$5,Investor!$B$5*(1-Investor!$B$13)^(A99-Investor!$B$12))) -> 4000000000 | C99: =IF(A99>$A$8,0,Investor!$B$6*Investor!$B$5*Investor!$B$7) -> 266000000 | D99: =(Investor!$B$11+Investor!$B$10)*C99 -> 34580000 | E99: =IF(A99>$A$8,0,MIN(C99,Investor!$B$8*Investor!$B$9*B99*Investor!$B$7)) -> 6925072.5 | F99: =IF(A99>$A$8,0,IF(A99=$A$8,C99-E99,IF(1=1,(C99-E99)*(1-B99/B98),0))) -> 0 | G99: =C99-E99-F99 -> 2.5907493e+08 | H99: =D99+F99 -> 34580000
A100: 2 | B100: =IF(A100>$A$8,0,IF(A100<=Investor!$B$12,Investor!$B$5,Investor!$B$5*(1-Investor!$B$13)^(A100-Investor!$B$12))) -> 4000000000 | C100: =IF(A100>$A$8,0,G99) -> 2.5907493e+08 | D100: =(Investor!$B$11+Investor!$B$10)*C100 -> 33679741 | E100: =IF(A100>$A$8,0,MIN(C100,Investor!$B$8*Investor!$B$9*B100*Investor!$B$7)) -> 6925072.5 | F100: =IF(A100>$A$8,0,IF(A100=$A$8,C100-E100,IF(1=1,(C100-E100)*(1-B100/B99),0))) -> 0 | G100: =C100-E100-F100 -> 252149855 | H100: =D100+F100 -> 33679741
A101: 3 | B101: =IF(A101>$A$8,0,IF(A101<=Investor!$B$12,Investor!$B$5,Investor!$B$5*(1-Investor!$B$13)^(A101-Investor!$B$12))) -> 3680000000 | C101: =IF(A101>$A$8,0,G100) -> 252149855 | D101: =(Investor!$B$11+Investor!$B$10)*C101 -> 32779481 | E101: =IF(A101>$A$8,0,MIN(C101,Investor!$B$8*Investor!$B$9*B101*Investor!$B$7)) -> 6371066.7 | F101: =IF(A101>$A$8,0,IF(A101=$A$8,C101-E101,IF(1=1,(C101-E101)*(1-B101/B100),0))) -> 19662303 | G101: =C101-E101-F101 -> 2.2611649e+08 | H101: =D101+F101 -> 52441784
A102: 4 | B102: =IF(A102>$A$8,0,IF(A102<=Investor!$B$12,Investor!$B$5,Investor!$B$5*(1-Investor!$B$13)^(A102-Investor!$B$12))) -> 3385600000 | C102: =IF(A102>$A$8,0,G101) -> 2.2611649e+08 | D102: =(Investor!$B$11+Investor!$B$10)*C102 -> 29395143 | E102: =IF(A102>$A$8,0,MIN(C102,Investor!$B$8*Investor!$B$9*B102*Investor!$B$7)) -> 5861381.4 | F102: =IF(A102>$A$8,0,IF(A102=$A$8,C102-E102,IF(1=1,(C102-E102)*(1-B102/B101),0))) -> 17620408 | G102: =C102-E102-F102 -> 2.026347e+08 | H102: =D102+F102 -> 47015551
A103: 5 | B103: =IF(A103>$A$8,0,IF(A103<=Investor!$B$12,Investor!$B$5,Investor!$B$5*(1-Investor!$B$13)^(A103-Investor!$B$12))) -> 3114752000 | C103: =IF(A103>$A$8,0,G102) -> 2.026347e+08 | D103: =(Investor!$B$11+Investor!$B$10)*C103 -> 26342510 | E103: =IF(A103>$A$8,0,MIN(C103,Investor!$B$8*Investor!$B$9*B103*Investor!$B$7)) -> 5392470.9 | F103: =IF(A103>$A$8,0,IF(A103=$A$8,C103-E103,IF(1=1,(C103-E103)*(1-B103/B102),0))) -> 15779378 | G103: =C103-E103-F103 -> 1.8146285e+08 | H103: =D103+F103 -> 42121888
A104: 6 | B104: =IF(A104>$A$8,0,IF(A104<=Investor!$B$12,Investor!$B$5,Investor!$B$5*(1-Investor!$B$13)^(A104-Investor!$B$12))) -> 2865571840 | C104: =IF(A104>$A$8,0,G103) -> 1.8146285e+08 | D104: =(Investor!$B$11+Investor!$B$10)*C104 -> 23590170 | E104: =IF(A104>$A$8,0,MIN(C104,Investor!$B$8*Investor!$B$9*B104*Investor!$B$7)) -> 4961073.2 | F104: =IF(A104>$A$8,0,IF(A104=$A$8,C104-E104,IF(1=1,(C104-E104)*(1-B104/B103),0))) -> 14120142 | G104: =C104-E104-F104 -> 1.6238163e+08 | H104: =D104+F104 -> 37710312
A105: 7 | B105: =IF(A105>$A$8,0,IF(A105<=Investor!$B$12,Investor!$B$5,Investor!$B$5*(1-Investor!$B$13)^(A105-Investor!$B$12))) -> 2.6363261e+09 | C105: =IF(A105>$A$8,0,G104) -> 1.6238163e+08 | D105: =(Investor!$B$11+Investor!$B$10)*C105 -> 21109612 | E105: =IF(A105>$A$8,0,MIN(C105,Investor!$B$8*Investor!$B$9*B105*Investor!$B$7)) -> 4564187.3 | F105: =IF(A105>$A$8,0,IF(A105=$A$8,C105-E105,IF(1=1,(C105-E105)*(1-B105/B104),0))) -> 12625396 | G105: =C105-E105-F105 -> 1.4519205e+08 | H105: =D105+F105 -> 33735008
A106: 8 | B106: =IF(A106>$A$8,0,IF(A106<=Investor!$B$12,Investor!$B$5,Investor!$B$5*(1-Investor!$B$13)^(A106-Investor!$B$12))) -> 2.42542e+09 | C106: =IF(A106>$A$8,0,G105) -> 1.4519205e+08 | D106: =(Investor!$B$11+Investor!$B$10)*C106 -> 18874966 | E106: =IF(A106>$A$8,0,MIN(C106,Investor!$B$8*Investor!$B$9*B106*Investor!$B$7)) -> 4199052.3 | F106: =IF(A106>$A$8,0,IF(A106=$A$8,C106-E106,IF(1=1,(C106-E106)*(1-B106/B105),0))) -> 1.40993e+08 | G106: =C106-E106-F106 -> 0 | H106: =D106+F106 -> 1.5986796e+08
A107: Total | D107: =SUM(D99:D106) -> 2.2035162e+08 | E107: =SUM(E99:E106) -> 45199377 | F107: =SUM(F99:F106) -> 2.2080062e+08 | G107: IRR | H107: =IRR(H98:H106,IF(SUM(H98:H106)>=0,0.1,-0.3)) -> 0.10349469
A110: 8 years, sequential
A111: Year | B111: Reference pool | C111: Opening balance | D111: Coupon | E111: Lost to write-down | F111: Principal repaid | G111: Closing balance | H111: Cash flow
A112: 0 | B112: =Investor!$B$5 -> 4000000000 | H112: =-C113 -> -266000000
A113: 1 | B113: =IF(A113>$A$8,0,IF(A113<=Investor!$B$12,Investor!$B$5,Investor!$B$5*(1-Investor!$B$13)^(A113-Investor!$B$12))) -> 4000000000 | C113: =IF(A113>$A$8,0,Investor!$B$6*Investor!$B$5*Investor!$B$7) -> 266000000 | D113: =(Investor!$B$11+Investor!$B$10)*C113 -> 34580000 | E113: =IF(A113>$A$8,0,MIN(C113,Investor!$B$8*Investor!$B$9*B113*Investor!$B$7)) -> 6925072.5 | F113: =IF(A113>$A$8,0,IF(A113=$A$8,C113-E113,IF(0=1,(C113-E113)*(1-B113/B112),0))) -> 0 | G113: =C113-E113-F113 -> 2.5907493e+08 | H113: =D113+F113 -> 34580000
A114: 2 | B114: =IF(A114>$A$8,0,IF(A114<=Investor!$B$12,Investor!$B$5,Investor!$B$5*(1-Investor!$B$13)^(A114-Investor!$B$12))) -> 4000000000 | C114: =IF(A114>$A$8,0,G113) -> 2.5907493e+08 | D114: =(Investor!$B$11+Investor!$B$10)*C114 -> 33679741 | E114: =IF(A114>$A$8,0,MIN(C114,Investor!$B$8*Investor!$B$9*B114*Investor!$B$7)) -> 6925072.5 | F114: =IF(A114>$A$8,0,IF(A114=$A$8,C114-E114,IF(0=1,(C114-E114)*(1-B114/B113),0))) -> 0 | G114: =C114-E114-F114 -> 252149855 | H114: =D114+F114 -> 33679741
A115: 3 | B115: =IF(A115>$A$8,0,IF(A115<=Investor!$B$12,Investor!$B$5,Investor!$B$5*(1-Investor!$B$13)^(A115-Investor!$B$12))) -> 3680000000 | C115: =IF(A115>$A$8,0,G114) -> 252149855 | D115: =(Investor!$B$11+Investor!$B$10)*C115 -> 32779481 | E115: =IF(A115>$A$8,0,MIN(C115,Investor!$B$8*Investor!$B$9*B115*Investor!$B$7)) -> 6371066.7 | F115: =IF(A115>$A$8,0,IF(A115=$A$8,C115-E115,IF(0=1,(C115-E115)*(1-B115/B114),0))) -> 0 | G115: =C115-E115-F115 -> 2.4577879e+08 | H115: =D115+F115 -> 32779481
A116: 4 | B116: =IF(A116>$A$8,0,IF(A116<=Investor!$B$12,Investor!$B$5,Investor!$B$5*(1-Investor!$B$13)^(A116-Investor!$B$12))) -> 3385600000 | C116: =IF(A116>$A$8,0,G115) -> 2.4577879e+08 | D116: =(Investor!$B$11+Investor!$B$10)*C116 -> 31951242 | E116: =IF(A116>$A$8,0,MIN(C116,Investor!$B$8*Investor!$B$9*B116*Investor!$B$7)) -> 5861381.4 | F116: =IF(A116>$A$8,0,IF(A116=$A$8,C116-E116,IF(0=1,(C116-E116)*(1-B116/B115),0))) -> 0 | G116: =C116-E116-F116 -> 2.3991741e+08 | H116: =D116+F116 -> 31951242
A117: 5 | B117: =IF(A117>$A$8,0,IF(A117<=Investor!$B$12,Investor!$B$5,Investor!$B$5*(1-Investor!$B$13)^(A117-Investor!$B$12))) -> 3114752000 | C117: =IF(A117>$A$8,0,G116) -> 2.3991741e+08 | D117: =(Investor!$B$11+Investor!$B$10)*C117 -> 31189263 | E117: =IF(A117>$A$8,0,MIN(C117,Investor!$B$8*Investor!$B$9*B117*Investor!$B$7)) -> 5392470.9 | F117: =IF(A117>$A$8,0,IF(A117=$A$8,C117-E117,IF(0=1,(C117-E117)*(1-B117/B116),0))) -> 0 | G117: =C117-E117-F117 -> 2.3452494e+08 | H117: =D117+F117 -> 31189263
...

Sheet Controls
A1: Controls
A2: Each row reproduces a figure printed in the book, or tests something that must hold.
A4: Figure | B4: Live formula | C4: Printed in the book | D4: Difference | E4: Status | F4: Note
A5: Coupons received | B5: =Investor!D31 -> 1.5677688e+08 | C5: 1.5677688e+08 | D5: =B5-C5 -> 0 | E5: =IF(ISNUMBER(B5),IF(ABS(D5)<=ABS(C5)*0.0001+0.000001,"OK","CHECK"),"CHECK") -> OK | F5: Chapter 16
A6: Lost to write-down | B6: =Investor!E31 -> 31475064 | C6: 31475064 | D6: =B6-C6 -> 0 | E6: =IF(ISNUMBER(B6),IF(ABS(D6)<=ABS(C6)*0.0001+0.000001,"OK","CHECK"),"CHECK") -> OK | F6: Chapter 16
A7: Principal repaid | B7: =Investor!F31 -> 2.3452494e+08 | C7: 2.3452494e+08 | D7: =B7-C7 -> 0 | E7: =IF(ISNUMBER(B7),IF(ABS(D7)<=ABS(C7)*0.0001+0.000001,"OK","CHECK"),"CHECK") -> OK | F7: Chapter 16
A8: Control: repaid plus lost equals notional | B8: =Investor!B35 -> 266000000 | C8: 266000000 | D8: =B8-C8 -> 0 | E8: =IF(ISNUMBER(B8),IF(ABS(D8)<=ABS(C8)*0.0001+0.000001,"OK","CHECK"),"CHECK") -> OK
A9: Internal rate of return | B9: =Investor!B36 -> 0.1039021 | C9: 0.1039021 | D9: =B9-C9 -> 0 | E9: =IF(ISNUMBER(B9),IF(ABS(D9)<=ABS(C9)*0.0001+0.000001,"OK","CHECK"),"CHECK") -> OK | F9: Chapter 16
A10: Return with leverage | B10: =Investor!B37 -> 0.16600526 | C10: 0.16600526 | D10: =B10-C10 -> 0 | E10: =IF(ISNUMBER(B10),IF(ABS(D10)<=ABS(C10)*0.0001+0.000001,"OK","CHECK"),"CHECK") -> OK | F10: Chapter 21
A11: Year 1: coupon | B11: =Investor!D23 -> 34580000 | C11: 34600000 | D11: =B11-C11 -> -20000 | E11: =IF(ISNUMBER(B11),IF(ABS(D11)<=50000,"OK","CHECK"),"CHECK") -> OK | F11: Chapter 16
A12: Year 1: written down | B12: =Investor!E23 -> 6925072.5 | C12: 6900000 | D12: =B12-C12 -> 25072.5 | E12: =IF(ISNUMBER(B12),IF(ABS(D12)<=50000,"OK","CHECK"),"CHECK") -> OK | F12: Chapter 16
A13: Year 1: principal repaid | B13: =Investor!F23 -> 0 | C13: 0 | D13: =B13-C13 -> 0 | E13: =IF(ISNUMBER(B13),IF(ABS(D13)<=50000,"OK","CHECK"),"CHECK") -> OK | F13: Chapter 16
A14: Year 2: coupon | B14: =Investor!D24 -> 33679741 | C14: 33700000 | D14: =B14-C14 -> -20259.425 | E14: =IF(ISNUMBER(B14),IF(ABS(D14)<=50000,"OK","CHECK"),"CHECK") -> OK | F14: Chapter 16
A15: Year 2: written down | B15: =Investor!E24 -> 6925072.5 | C15: 6900000 | D15: =B15-C15 -> 25072.5 | E15: =IF(ISNUMBER(B15),IF(ABS(D15)<=50000,"OK","CHECK"),"CHECK") -> OK | F15: Chapter 16
A16: Year 2: principal repaid | B16: =Investor!F24 -> 0 | C16: 0 | D16: =B16-C16 -> 0 | E16: =IF(ISNUMBER(B16),IF(ABS(D16)<=50000,"OK","CHECK"),"CHECK") -> OK | F16: Chapter 16
A17: Year 3: coupon | B17: =Investor!D25 -> 32779481 | C17: 32800000 | D17: =B17-C17 -> -20518.85 | E17: =IF(ISNUMBER(B17),IF(ABS(D17)<=50000,"OK","CHECK"),"CHECK") -> OK | F17: Chapter 16
A18: Year 3: written down | B18: =Investor!E25 -> 6371066.7 | C18: 6400000 | D18: =B18-C18 -> -28933.3 | E18: =IF(ISNUMBER(B18),IF(ABS(D18)<=50000,"OK","CHECK"),"CHECK") -> OK | F18: Chapter 16
A19: Year 3: principal repaid | B19: =Investor!F25 -> 19662303 | C19: 19700000 | D19: =B19-C19 -> -37696.936 | E19: =IF(ISNUMBER(B19),IF(ABS(D19)<=50000,"OK","CHECK"),"CHECK") -> OK | F19: Chapter 16
A20: Year 4: coupon | B20: =Investor!D26 -> 29395143 | C20: 29400000 | D20: =B20-C20 -> -4856.9193 | E20: =IF(ISNUMBER(B20),IF(ABS(D20)<=50000,"OK","CHECK"),"CHECK") -> OK | F20: Chapter 16
A21: Year 4: written down | B21: =Investor!E26 -> 5861381.4 | C21: 5900000 | D21: =B21-C21 -> -38618.636 | E21: =IF(ISNUMBER(B21),IF(ABS(D21)<=50000,"OK","CHECK"),"CHECK") -> OK | F21: Chapter 16
A22: Year 4: principal repaid | B22: =Investor!F26 -> 17620408 | C22: 17600000 | D22: =B22-C22 -> 20408.31 | E22: =IF(ISNUMBER(B22),IF(ABS(D22)<=50000,"OK","CHECK"),"CHECK") -> OK | F22: Chapter 16
A23: Year 5: coupon | B23: =Investor!D27 -> 26342510 | C23: 26300000 | D23: =B23-C23 -> 42510.423 | E23: =IF(ISNUMBER(B23),IF(ABS(D23)<=50000,"OK","CHECK"),"CHECK") -> OK | F23: Chapter 16
A24: Year 5: written down | B24: =Investor!E27 -> 5392470.9 | C24: 5400000 | D24: =B24-C24 -> -7529.1451 | E24: =IF(ISNUMBER(B24),IF(ABS(D24)<=50000,"OK","CHECK"),"CHECK") -> OK | F24: Chapter 16
A25: Year 5: principal repaid | B25: =Investor!F27 -> 1.9724222e+08 | C25: 197200000 | D25: =B25-C25 -> 42224.707 | E25: =IF(ISNUMBER(B25),IF(ABS(D25)<=50000,"OK","CHECK"),"CHECK") -> OK | F25: Chapter 16
A26: Share of the tranche written down | B26: =Investor!B40 -> 0.11832731 | C26: 0.1183 | D26: =B26-C26 -> 2.7307966e-05 | E26: =IF(ISNUMBER(B26),IF(ABS(D26)<=0.00005,"OK","CHECK"),"CHECK") -> OK | F26: Chapter 16
A27: Leverage to the loss rate, on the tranche | B27: =Investor!B41 -> 14.285714 | C27: 14.3 | D27: =B27-C27 -> -0.014285714 | E27: =IF(ISNUMBER(B27),IF(ABS(D27)<=0.05,"OK","CHECK"),"CHECK") -> OK | F27: Chapter 16
A28: and on what the fund bought | B28: =Investor!B42 -> 15.037594 | C28: 15 | D28: =B28-C28 -> 0.037593985 | E28: =IF(ISNUMBER(B28),IF(ABS(D28)<=0.05,"OK","CHECK"),"CHECK") -> OK | F28: Chapter 16
A29: Investor's floor at the 7.50 percent hurdle | B29: =Investor!B47 -> 0.076097914 | C29: 0.0761 | D29: =B29-C29 -> -2.0855223e-06 | E29: =IF(ISNUMBER(B29),IF(ABS(D29)<=0.00005,"OK","CHECK"),"CHECK") -> OK | F29: Chapter 18
A30: At the floor, the value at the hurdle is nil | B30: =ABS(-Investor!B34+(Investor!B47+Investor!B11)*Investor!B45+Investor!B46)<1 -> TRUE | C30: — | E30: =IF(B30=TRUE(),"OK","CHECK") -> OK
A31: The loss charged twice understates the return by | B31: =Investor!B62 -> 0.026097909 | C31: 0.0261 | D31: =B31-C31 -> -2.0914273e-06 | E31: =IF(ISNUMBER(B31),IF(ABS(D31)<=0.00005,"OK","CHECK"),"CHECK") -> OK | F31: the book prints "roughly +2.50"; corrected
A32: Break-even multiple, whole coupon | B32: ='Break-even'!B35 -> 4.1705683 | C32: 4.17 | D32: =B32-C32 -> 0.000568268 | E32: =IF(ISNUMBER(B32),IF(ABS(D32)<=0.005,"OK","CHECK"),"CHECK") -> OK | F32: Chapter 22
A33: Break-even multiple, margin only | B33: ='Break-even'!B38 -> 3.5057821 | C33: 3.51 | D33: =B33-C33 -> -0.0042179446 | E33: =IF(ISNUMBER(B33),IF(ABS(D33)<=0.005,"OK","CHECK"),"CHECK") -> OK | F33: Chapter 22
A34: proof: coupons less losses at 4.17x is nil | B34: =ABS('Break-even'!B68)<1 -> TRUE | C34: — | E34: =IF(B34=TRUE(),"OK","CHECK") -> OK
A35: proof: margin less losses at 3.51x is nil | B35: =ABS('Break-even'!B69)<1 -> TRUE | C35: — | E35: =IF(B35=TRUE(),"OK","CHECK") -> OK
A36: Best estimate: losses | B36: =Stress!D9 -> 31475064 | C36: 31500000 | D36: =B36-C36 -> -24936.081 | E36: =IF(ISNUMBER(B36),IF(ABS(D36)<=50000,"OK","CHECK"),"CHECK") -> OK | F36: Chapter 22
A37: Best estimate: tranche consumed | B37: =Stress!E9 -> 0.11832731 | C37: 0.1183 | D37: =B37-C37 -> 2.7307966e-05 | E37: =IF(ISNUMBER(B37),IF(ABS(D37)<=0.00005,"OK","CHECK"),"CHECK") -> OK | F37: Chapter 22
A38: Best estimate: coupons | B38: =Stress!F9 -> 1.5677688e+08 | C38: 156800000 | D38: =B38-C38 -> -23124.771 | E38: =IF(ISNUMBER(B38),IF(ABS(D38)<=50000,"OK","CHECK"),"CHECK") -> OK | F38: Chapter 22
A39: Best estimate: return | B39: =Stress!G9 -> 0.1039021 | C39: 0.1039 | D39: =B39-C39 -> 2.1044675e-06 | E39: =IF(ISNUMBER(B39),IF(ABS(D39)<=0.00005,"OK","CHECK"),"CHECK") -> OK | F39: Chapter 22
A40: Best estimate: levered | B40: =Stress!H9 -> 0.16600526 | C40: 0.166 | D40: =B40-C40 -> 5.2611688e-06 | E40: =IF(ISNUMBER(B40),IF(ABS(D40)<=0.00005,"OK","CHECK"),"CHECK") -> OK | F40: Chapter 21
A41: Regulatory parameters: losses | B41: =Stress!D10 -> 60599586 | C41: 60600000 | D41: =B41-C41 -> -414.41741 | E41: =IF(ISNUMBER(B41),IF(ABS(D41)<=50000,"OK","CHECK"),"CHECK") -> OK | F41: Chapter 22
A42: Regulatory parameters: tranche consumed | B42: =Stress!E10 -> 0.22781799 | C42: 0.2278 | D42: =B42-C42 -> 1.7990912e-05 | E42: =IF(ISNUMBER(B42),IF(ABS(D42)<=0.00005,"OK","CHECK"),"CHECK") -> OK | F42: Chapter 22
A43: Regulatory parameters: coupons | B43: =Stress!F10 -> 1.4933245e+08 | C43: 149300000 | D43: =B43-C43 -> 32452.773 | E43: =IF(ISNUMBER(B43),IF(ABS(D43)<=50000,"OK","CHECK"),"CHECK") -> OK | F43: Chapter 22
A44: Regulatory parameters: return | B44: =Stress!G10 -> 0.077451376 | C44: 0.0775 | D44: =B44-C44 -> -4.8624003e-05 | E44: =IF(ISNUMBER(B44),IF(ABS(D44)<=0.00005,"OK","CHECK"),"CHECK") -> OK | F44: Chapter 22
A45: Regulatory parameters: levered | B45: =Stress!H10 -> 0.09987844 | C45: 0.0999 | D45: =B45-C45 -> -2.1560007e-05 | E45: =IF(ISNUMBER(B45),IF(ABS(D45)<=0.00005,"OK","CHECK"),"CHECK") -> OK | F45: Chapter 21
A46: Mild recession: losses | B46: =Stress!D11 -> 62950128 | C46: 63000000 | D46: =B46-C46 -> -49872.162 | E46: =IF(ISNUMBER(B46),IF(ABS(D46)<=50000,"OK","CHECK"),"CHECK") -> OK | F46: Chapter 22
A47: Mild recession: tranche consumed | B47: =Stress!E11 -> 0.23665462 | C47: 0.2367 | D47: =B47-C47 -> -4.5384069e-05 | E47: =IF(ISNUMBER(B47),IF(ABS(D47)<=0.00005,"OK","CHECK"),"CHECK") -> OK | F47: Chapter 22
A48: Mild recession: coupons | B48: =Stress!F11 -> 1.4873164e+08 | C48: 148700000 | D48: =B48-C48 -> 31638.458 | E48: =IF(ISNUMBER(B48),IF(ABS(D48)<=50000,"OK","CHECK"),"CHECK") -> OK | F48: Chapter 22
A49: Mild recession: return | B49: =Stress!G11 -> 0.075204194 | C49: 0.0752 | D49: =B49-C49 -> 4.1942758e-06 | E49: =IF(ISNUMBER(B49),IF(ABS(D49)<=0.00005,"OK","CHECK"),"CHECK") -> OK | F49: Chapter 22
A50: Mild recession: levered | B50: =Stress!H11 -> 0.094260486 | C50: 0.0943 | D50: =B50-C50 -> -3.951431e-05 | E50: =IF(ISNUMBER(B50),IF(ABS(D50)<=0.00005,"OK","CHECK"),"CHECK") -> OK | F50: Chapter 21
A51: Severe recession: losses | B51: =Stress!D12 -> 1.1016272e+08 | C51: 110200000 | D51: =B51-C51 -> -37276.284 | E51: =IF(ISNUMBER(B51),IF(ABS(D51)<=50000,"OK","CHECK"),"CHECK") -> OK | F51: Chapter 22
A52: Severe recession: tranche consumed | B52: =Stress!E12 -> 0.41414558 | C52: 0.4141 | D52: =B52-C52 -> 4.557788e-05 | E52: =IF(ISNUMBER(B52),IF(ABS(D52)<=0.00005,"OK","CHECK"),"CHECK") -> OK | F52: Chapter 22
A53: Severe recession: coupons | B53: =Stress!F12 -> 1.3666378e+08 | C53: 136700000 | D53: =B53-C53 -> -36216.699 | E53: =IF(ISNUMBER(B53),IF(ABS(D53)<=50000,"OK","CHECK"),"CHECK") -> OK | F53: Chapter 22
A54: Severe recession: return | B54: =Stress!G12 -> 0.025618037 | C54: 0.0256 | D54: =B54-C54 -> 1.8037383e-05 | E54: =IF(ISNUMBER(B54),IF(ABS(D54)<=0.00005,"OK","CHECK"),"CHECK") -> OK | F54: Chapter 22
A55: Severe recession: levered | B55: =Stress!H12 -> -0.029704907 | C55: -0.0297 | D55: =B55-C55 -> -4.9065415e-06 | E55: =IF(ISNUMBER(B55),IF(ABS(D55)<=0.00005,"OK","CHECK"),"CHECK") -> OK | F55: Chapter 21
A56: Severe + LGD 60 percent: losses | B56: =Stress!D13 -> 2.2032545e+08 | C56: 220300000 | D56: =B56-C56 -> 25447.432 | E56: =IF(ISNUMBER(B56),IF(ABS(D56)<=50000,"OK","CHECK"),"CHECK") -> OK | F56: Chapter 22
A57: Severe + LGD 60 percent: tranche consumed | B57: =Stress!E13 -> 0.82829116 | C57: 0.8283 | D57: =B57-C57 -> -8.84424e-06 | E57: =IF(ISNUMBER(B57),IF(ABS(D57)<=0.00005,"OK","CHECK"),"CHECK") -> OK | F57: Chapter 22
A58: Severe + LGD 60 percent: coupons | B58: =Stress!F13 -> 1.0850545e+08 | C58: 108500000 | D58: =B58-C58 -> 5454.6014 | E58: =IF(ISNUMBER(B58),IF(ABS(D58)<=50000,"OK","CHECK"),"CHECK") -> OK | F58: Chapter 22
A59: Severe + LGD 60 percent: return | B59: =Stress!G13 -> -0.15703989 | C59: -0.157 | D59: =B59-C59 -> -3.9890437e-05 | E59: =IF(ISNUMBER(B59),IF(ABS(D59)<=0.00005,"OK","CHECK"),"CHECK") -> OK | F59: Chapter 22
A60: Severe + LGD 60 percent: levered | B60: =Stress!H13 -> -0.48634973 | C60: -0.4863 | D60: =B60-C60 -> -4.9726092e-05 | E60: =IF(ISNUMBER(B60),IF(ABS(D60)<=0.00005,"OK","CHECK"),"CHECK") -> OK | F60: Chapter 21
A61: 2008-style: losses | B61: =Stress!D14 -> 2.6089129e+08 | C61: 260900000 | D61: =B61-C61 -> -8713.7376 | E61: =IF(ISNUMBER(B61),IF(ABS(D61)<=50000,"OK","CHECK"),"CHECK") -> OK | F61: Chapter 22
A62: 2008-style: tranche consumed | B62: =Stress!E14 -> 0.98079431 | C62: 0.9808 | D62: =B62-C62 -> -5.6907429e-06 | E62: =IF(ISNUMBER(B62),IF(ABS(D62)<=0.00005,"OK","CHECK"),"CHECK") -> OK | F62: Chapter 22
A63: 2008-style: coupons | B63: =Stress!F14 -> 84369744 | C63: 84400000 | D63: =B63-C63 -> -30255.712 | E63: =IF(ISNUMBER(B63),IF(ABS(D63)<=50000,"OK","CHECK"),"CHECK") -> OK | F63: Chapter 22
A64: 2008-style: return | B64: =Stress!G14 -> -0.38089474 | C64: -0.3809 | D64: =B64-C64 -> 5.2555181e-06 | E64: =IF(ISNUMBER(B64),IF(ABS(D64)<=0.00005,"OK","CHECK"),"CHECK") -> OK | F64: Chapter 22
A65: 2008-style: levered | B65: =Stress!H14 -> -1 | C65: -1 | D65: =B65-C65 -> 0 | E65: =IF(ISNUMBER(B65),IF(ABS(D65)<=0.00005,"OK","CHECK"),"CHECK") -> OK | F65: Chapter 21
A66: 2008-style: principal that survives | B66: =Stress!I14 -> 5108713.7 | C66: 5100000 | D66: =B66-C66 -> 8713.7376 | E66: =IF(ISNUMBER(B66),IF(ABS(D66)<=50000,"OK","CHECK"),"CHECK") -> OK | F66: Chapter 22
A67: Every scenario: principal plus losses equals notional | B67: =AND(ABS(Stress!D9+Stress!I9-Investor!B34)<1,ABS(Stress!D10+Stress!I10-Investor!B34)<1,ABS(Stress!D11+Stress!I11-Investor!B34)<1,ABS(Stress!D12+Stress!I12-Investor!B34)<1,ABS(Stress!D13+Stress!I13-Investor!B34)<1,ABS(Stress!D14+Stress!I14-Investor!B34)<1) -> TRUE | C67: — | E67: =IF(B67=TRUE(),"OK","CHECK") -> OK
A68: 3 years, pro rata | B68: ='Holding period'!B5 -> 0.1039594 | C68: 0.104 | D68: =B68-C68 -> -4.0602357e-05 | E68: =IF(ISNUMBER(B68),IF(ABS(D68)<=0.00005,"OK","CHECK"),"CHECK") -> OK | F68: Chapter 20
A69: 3 years, sequential | B69: ='Holding period'!C5 -> 0.1039594 | C69: 0.104 | D69: =B69-C69 -> -4.0602357e-05 | E69: =IF(ISNUMBER(B69),IF(ABS(D69)<=0.00005,"OK","CHECK"),"CHECK") -> OK | F69: Chapter 20
A70: 5 years, pro rata | B70: ='Holding period'!B6 -> 0.1039021 | C70: 0.1039 | D70: =B70-C70 -> 2.1044675e-06 | E70: =IF(ISNUMBER(B70),IF(ABS(D70)<=0.00005,"OK","CHECK"),"CHECK") -> OK | F70: Chapter 20
A71: 5 years, sequential | B71: ='Holding period'!C6 -> 0.10488601 | C71: 0.1049 | D71: =B71-C71 -> -1.3990843e-05 | E71: =IF(ISNUMBER(B71),IF(ABS(D71)<=0.00005,"OK","CHECK"),"CHECK") -> OK | F71: Chapter 20
A72: 7 years, pro rata | B72: ='Holding period'!B7 -> 0.10363984 | C72: 0.1036 | D72: =B72-C72 -> 3.9835804e-05 | E72: =IF(ISNUMBER(B72),IF(ABS(D72)<=0.00005,"OK","CHECK"),"CHECK") -> OK | F72: Chapter 20
A73: 7 years, sequential | B73: ='Holding period'!C7 -> 0.10581069 | C73: 0.1058 | D73: =B73-C73 -> 1.0691322e-05 | E73: =IF(ISNUMBER(B73),IF(ABS(D73)<=0.00005,"OK","CHECK"),"CHECK") -> OK | F73: Chapter 20
A74: 8 years, pro rata | B74: ='Holding period'!B8 -> 0.10349469 | C74: 0.1035 | D74: =B74-C74 -> -5.3053545e-06 | E74: =IF(ISNUMBER(B74),IF(ABS(D74)<=0.00005,"OK","CHECK"),"CHECK") -> OK | F74: Chapter 20
A75: 8 years, sequential | B75: ='Holding period'!C8 -> 0.10623935 | C75: 0.1062 | D75: =B75-C75 -> 3.934786e-05 | E75: =IF(ISNUMBER(B75),IF(ABS(D75)<=0.00005,"OK","CHECK"),"CHECK") -> OK | F75: Chapter 20
A76: Two extra years, pro rata | B76: ='Holding period'!B10 -> -0.00026226866 | C76: -0.0003 | D76: =B76-C76 -> 3.7731336e-05 | E76: =IF(ISNUMBER(B76),IF(ABS(D76)<=0.00005,"OK","CHECK"),"CHECK") -> OK | F76: Chapter 20
A77: Every return is a true root above -100 percent, not a solver artefact | B77: =AND(MIN(Stress!G9:G14)>-1,Investor!B36>-1,Investor!B61>-1) -> TRUE | C77: — | E77: =IF(B77=TRUE(),"OK","CHECK") -> OK | F77: Chapter 29, item 7c
A79: Failures | B79: =COUNTIF(E5:E77,"CHECK") -> 0
A80: All checks | B80: =IF(COUNTIF(E5:E77,"OK")=73,"ALL OK",COUNTIF(E5:E77,"OK")&" / 73 OK") -> ALL OK
